 Dungeon Crawl Stone Soup version 0.31.0-4-g52a2dc7128 (webtiles) character file.

Game seed: 7188736026829081104

16182832 snackwell the Wishgranter (level 27, 228/228 HPs)
             Began as a Djinni Hedge Wizard on Jan 20, 2024.
             Was the Champion of Makhleb.
             Escaped with the Orb
             ... and 15 runes on Jan 21, 2024!
             The game lasted 10:42:51 (96965 turns).

snackwell the Wishgranter (Djinni Hedge Wizard)    Turns: 96965, Time: 10:42:52

Health: 228/228    AC: 25    Str: 11    XL:     27
Gold:   11854      EV: 30    Int: 27    God:    Makhleb [******] SH: 35 Dex: 21

rFire   + + +        a - staff of conjuration
rCold   + + .        N - +8 tower shield {AC+3}
rNeg    + + +        m - +5 moon troll leather armour {Spirit, Regen++ MP+5}
rPois   ∞            E - +1 hat of Hepliaklqana's Respect {Fly rF+ Will+ Regen+}
rElec   +            M - scarf {rC+ rF+}
rCorr   +            I - +2 pair of gloves of Qazlal's Favour {rF+ rN+}
SInv    .            (boots unavailable)
Will    +++++        l - amulet of the Four Winds {rN+ Will+++ Clar}
Stlth   +            P - ring of Leaves {rElec rF- rC+ rN++ Slay+4}
HPRegen 2.98/turn    W - ring of Arruarurr {*Corrode Fly rElec AC+4 Dex+7}
MPRegen 0.00/turn

%: corrode self (3%), clarity, guardian spirit
@: mighty, brilliant, resistant, enlightened, flying, hasted, studying 3 skills,
invisible, very quick
A: sickness immunity, fire resistance 2, cold vulnerability 1, float, innate
caster, HP casting, extra vitality 1, antennae 1, iridescent scales 1,
strong-willed 1, electricity resistance, wild magic 1
0: Orb of Zot
}: 15/15 runes: serpentine, barnacled, slimy, silver, golden, iron, obsidian,
icy, bone, abyssal, demonic, glowing, magical, fiery, dark
a: Renounce Religion, Minor Destruction, Lesser Servant of Makhleb, Major
Destruction, Greater Servant of Makhleb


You escaped.
You worshipped Makhleb.
Makhleb was exalted by your worship.
You visited 18 branches of the dungeon, and saw 87 of its levels.
You visited Pandemonium 1 time, and saw 25 of its levels.
You visited the Abyss 1 time.
You visited 1 ziggurat, and saw 20 of its levels.
You also visited: Trove, Ice Cave and Wizlab.

You collected 20020 gold pieces.
You spent 8166 gold pieces at shops.

Inventory:

Hand Weapons
 o - the +8 trishula "Condemnation" {holy, anguish, *Noise Fly rN+}
   (You found it on level 16 of a ziggurat)

   rN+:       It protects you from negative energy.
   Fly:       It grants you flight.
   *Noise:    It may make a loud noise when swung.
Missiles
 s - 10 javelins
 D - 7 throwing nets
Armour
 m - the +5 moon troll leather armour (worn) {Spirit, Regen++ MP+5}
   (You took it off a moon troll in a wizard's laboratory)

   MP+5:      It affects your magic capacity (+5).
   Regen++:   It increases your rate of health regeneration.
 t - the +1 pair of gloves of Dramatic Exits {*Corrode rPois Regen+ Str+4}
   (You acquired it on level 13 of a ziggurat)

   Str+4:     It affects your strength (+4).
   rPois:     It protects you from poison Regen+: It increases your rate of
   health regeneration.
   *Corrode:  It may corrode you when you take damage.
 E - the +1 hat of Hepliaklqana's Respect (worn) {Fly rF+ Will+ Regen+}
   (You found it in Pandemonium)

   rF+:       It protects you from fire.
   Will+:     It increases your willpower.
   Fly:       It grants you flight.
   Regen+:    It increases your rate of health regeneration.
 I - the +2 pair of gloves of Qazlal's Favour (worn) {rF+ rN+}
   (You found it on level 13 of a ziggurat)

   rF+:       It protects you from fire.
   rN+:       It protects you from negative energy.
 M - a scarf of resistance (worn)
   (You found it on level 3 of the Shoals)
 N - a +8 tower shield of protection (worn)
   (You took it off a demonspawn warmonger in Pandemonium)
Magical Staves
 a - a staff of conjuration (weapon)
   (You found it on level 12 of the Dungeon)
Jewellery
 f - an amulet of regeneration
   (You found it on level 1 of the Vaults)
 l - the amulet of the Four Winds (around neck) {rN+ Will+++ Clar}
   (You found it on level 14 of a ziggurat)

   [amulet of nothing]

   rN+:       It protects you from negative energy.
   Will+++:   It greatly increases your willpower.
   Clar:      It protects you from confusion, rage, mesmerisation and fear.
 p - the ring "Naonat" {Fly rC++ Str-5 Int+6 Stlth+}
   (You found it on level 7 of Gehenna)

   [ring of intelligence]

   Str-5:     It affects your strength (-5).
   Int+6:     It affects your intelligence (+6).
   rC++:      It greatly protects you from cold.
   Fly:       It grants you flight.
   Stlth+:    It makes you more stealthy.
 q - the ring "Apnar" {Fire rElec Int+2}
   (You took it off a balrug in Pandemonium)

   [ring of fire]

   Fire:      It enhances your fire magic.
   Int+2:     It affects your intelligence (+2).
   rF+:       It protects you from fire.
   rC-:       It makes you vulnerable to cold.
   rElec:     It insulates you from electricity.
 w - a ring of see invisible
   (You found it on level 5 of the Realm of Zot)
 K - the ring "Obakio" {rF+ Str+6 Int+6 SInv}
   (You found it in Pandemonium)

   [ring of intelligence]

   Str+6:     It affects your strength (+6).
   Int+6:     It affects your intelligence (+6).
   rF+:       It protects you from fire.
   SInv:      It lets you see invisible.
 P - the ring of Leaves (left hand) {rElec rF- rC+ rN++ Slay+4}
   (You found it on level 5 of the Vaults)

   [ring of protection from cold]

   Slay+4:    It affects your accuracy & damage with ranged weapons and melee
   (+4).
   rF-:       It makes you vulnerable to fire.
   rC+:       It protects you from cold.
   rElec:     It insulates you from electricity.
   rN++:      It greatly protects you from negative energy.
 W - the ring of Arruarurr (right hand) {*Corrode Fly rElec AC+4 Dex+7}
   (You found it on level 14 of the Dungeon)

   [ring of protection]

   AC+4:      It affects your AC (+4).
   Dex+7:     It affects your dexterity (+7).
   rElec:     It insulates you from electricity.
   Fly:       It grants you flight.
   *Corrode:  It may corrode you when you take damage.
Wands
 d - a wand of mindburst (94)
   (You found it on level 5 of the Pits of Slime)
 i - a wand of acid (85)
   (You found it on level 5 of the Pits of Slime)
 x - a wand of charming (121)
   (You found it on level 6 of the Dungeon)
 C - a wand of digging (26)
   (You bought it in a shop on level 2 of the Shoals)
 J - a wand of iceblast (117)
   (You took it off an orc on level 8 of the Dungeon)
Scrolls
 b - a scroll of noise
 c - 9 scrolls of revelation
 e - 13 scrolls of blinking
 g - 16 scrolls of immolation
 k - 16 scrolls of fog
 n - 11 scrolls of poison
 u - 7 scrolls of summoning
 A - 9 scrolls of fear
 H - 33 scrolls of teleportation
Potions
 h - 27 potions of mutation
 j - 20 potions of might
 v - 6 potions of brilliance
 B - 31 potions of curing
 F - 12 potions of enlightenment
 G - 6 potions of berserk rage
 O - 18 potions of heal wounds
 Q - 6 potions of resistance
 R - 6 potions of cancellation
 S - 2 potions of ambrosia
 T - a potion of haste
 Y - 7 potions of invisibility
 Z - 12 potions of lignification
Miscellaneous
 r - a figurine of a ziggurat
 y - a condenser vane
   (You found it on level 5 of the Lair of Beasts)
 z - a phial of floods
   (You found it on level 1 of the Shoals)
 V - a box of beasts
   (You found it on level 13 of the Dungeon)
 X - a phantom mirror
   (You found it on level 4 of the Shoals)


   Skills:
 O Level 27 Fighting
 * Level 26.3(26.6) Polearms
 - Level 7.0(20.1) Staves
 - Level 5.9 Throwing
 - Level 24.6 Armour
 + Level 23.7 Dodging
 - Level 5.3 Stealth
 O Level 27 Shields
 O Level 27 Spellcasting
 O Level 27 Conjurations
 O Level 27 Hexes
 O Level 27 Summonings
 O Level 27 Necromancy
 O Level 27 Translocations
 O Level 27 Fire Magic
 O Level 27 Ice Magic
 O Level 27 Air Magic
 O Level 27 Earth Magic
 O Level 27 Alchemy
 + Level 22.4 Invocations
 - Level 20.0 Evocations


You knew the following spells:

 Your Spells              Type           Power      Damage    Failure   Level
a - Lehudib's Crystal Sp  Conj/Erth      88%        10d20     1%          8
b - Mephitic Cloud        Conj/Alch/Air  100%       N/A       1%          3
c - Call Imp              Summ           100%       N/A       1%          2
d - Fireball              Conj/Fire      88%        3d32      1%          5
e - Slow                  Hex            100%       N/A       1%          1
f - Arcjolt               Conj/Air       88%        1d98      1%          5
g - Starburst             Conj/Fire      88%        6d22      1%          6
h - Sculpt Simulacrum     Ice/Alch       75%        N/A       1%          6
i - Malign Gateway        Summ/Tloc      75%        N/A       1%          7
j - Magic Dart            Conj           100%       1d8       1%          1
k - Summon Hydra          Summ           75%        N/A       1%          7
q - Apportation           Tloc           100%       N/A       1%          1
r - Fire Storm            Conj/Fire      88%        8d22      2%          9
s - Ensorcelled Hibernat  Hex/Ice        100%       N/A       1%          2
t - Teleport Other        Tloc           100%       N/A       1%          3
v - Dragon's Call         Summ           75%        N/A       2%          9
w - Blink                 Tloc           100%       N/A       1%          2
z - Animate Dead          Necr           100%       N/A       1%          4
Your spell library was empty.

Dungeon Overview and Level Annotations

Branches:
Dungeon (15/15)            Temple (1/1) D:4            Lair (5/5) D:10
 Shoals (4/4) Lair:2        Snake (4/4) Lair:2        Slime (5/5) Lair:5
    Orc (2/2) D:11            Elf (3/3) Orc:2        Vaults (5/5) D:14
  Crypt (3/3) Vaults:3       Tomb (3/3) Crypt:3      Depths (4/4) D:15
   Hell (visited)             Dis (7/7) Hell            Geh (7/7) Hell
    Coc (7/7) Hell            Tar (7/7) Hell            Zot (5/5) Depths:4
  IceCv (visited)          WizLab (visited)

Altars:
Ashenzari
Cheibriados
Dithmenos
Elyvilon
Fedhas
Gozag
Hepliaklqana
Makhleb
Nemelex Xobeh
Okawaru
Qazlal
Ru
Trog
Uskayaw
Wu Jian
Xom
Yredelemnul
Zin
The Shining One
Jiyva

Shops:
D:8 !   Orc:2 =*:?   Elf:1 :   Elf:2 !::   Elf:3 !   Shoals:1 [   Shoals:2 *
Shoals:3 [*(*   Snake:3 :[   Snake:4 (:   Vaults:1 [   Vaults:2 (   Depths:1 *

Portals:
Hell: Depths:1 Depths:2 Depths:3 Depths:4
Abyss: Depths:3
Pandemonium: Depths:2

Annotations:
Elf:2 3 runed translucent doors, exclusion: 2 doors
Elf:3 exclusion: 3 doors
Zot:3 2 transporters, exclusion: obsidian statue


Innate Abilities, Weirdness & Mutations

You are immune to sickness and miasma.
You are immune to poison.
Your flesh is very heat resistant. (rF++)
You are vulnerable to cold. (rC-)
You float through the air rather than walking.
You learn spells naturally, not from books.
Your magical power is your life essence.
You have superior vitality. (+4 MHP)
You have a pair of small antennae on your head.
You are partially covered in iridescent scales. (AC +2)
You are strong-willed. (Will+)
You are resistant to electric shocks. (rElec)
Your spells are a little harder to cast, but a little more powerful.


Message History

Casting: Fire Storm (dangerous; 2% risk of failure)
Confirm with . or Enter, or press ? or * to list all spells.
Aiming: Fire Storm (dangerous; 2% risk of failure)
Press: ? - help, Dir - move target You feel a surge of power!
A raging storm of fire appears!
The great blast of fire engulfs the demonspawn corrupter!!!!
You kill the demonspawn corrupter!
Makhleb accepts your kill.
You feel better.
The great blast of fire engulfs the demonspawn blood saint!!!
The demonspawn blood saint partially resists.
The demonspawn blood saint is severely wounded.
The blizzard demon waves its arms in wide circles.
The air twists around and strikes you.
Casting: Fire Storm (dangerous; 2% risk of failure)
Confirm with . or Enter, or press ? or * to list all spells.
Aiming: Fire Storm (dangerous; 2% risk of failure)
Press: ? - help, Dir - move target You feel a surge of power!
A raging storm of fire appears!
The great blast of fire engulfs the demonspawn blood saint!!!
The demonspawn blood saint partially resists.
You kill the demonspawn blood saint!
Makhleb accepts your kill.
You feel better.
You hear a splash. x2
The great blast of fire engulfs the blizzard demon!!!!
The blizzard demon is burned terribly!
You kill the blizzard demon!
Makhleb accepts your kill.
You feel better.
A hell beast comes into view.
The hell beast moves out of view.
There is a staircase leading out of the dungeon here.
You feel very mighty all of a sudden.
You feel protected.
You fade into invisibility!
You feel yourself speed up.
You feel more buoyant.
Casting: Fire Storm (dangerous; 2% risk of failure)
Confirm with . or Enter, or press ? or * to list all spells.
Aiming: Lehudib's Crystal Spear (mildly dangerous; 1% risk of failure)
Press: ? - help, Shift-Dir - straight line, f - hell beast
Aim: a hell beast (unable to see you, 78% to hit)
You feel a surge of power!
The crystal spear hits the hell beast!!!!
You kill the hell beast!
Makhleb accepts your kill.
You feel better.
You feel clever all of a sudden.
You have escaped!

############
≈≈≈≈≈≈≈≈≈≈≈≈≈≈≈≈#
≈≈≈≈≈≈≈≈~~≈~≈≈~§#
≈≈≈≈≈≈~≈~~.~~.~§#
≈≈≈≈≈~~.~.~)~~.~#
≈≈≈≈~~v~.~.8....#
#≈≈≈~≈~~~~).....##
#≈≈~~~~~........#
#≈≈~~..~@8....v.##
#≈~~.~~8.....v...#
#≈~...........8..#
#≈~.~~...........##
#≈~~~........v....#
#≈~~~.............###
#≈≈~~...............###
#≈~~.............2....#
#≈~≈~.###...........#.###


You could see 4 friendly fire vortices.

Vanquished Creatures
  Cerebov (Pan)
  Antaeus (Coc:7)
  Asmodeus (Geh:7)
  the Royal Jelly (Slime:5)
  Ereshkigal (Tar:7)
  the Serpent of Hell (Coc:7)
  Mnoleg (Pan)
  Lom Lobon (Pan)
  Gloorx Vloq (Pan)
  A seraph (Pan)
  13 dread liches
  Dispater (Dis:7)
  9 ancient liches
  5 orbs of fire
  Khufu (Crypt:2)
  Mara (Snake:2)
  Mennas (Vaults:2)
  3 juggernauts (Dis:7)
  Sojobo (Depths:2)
  The ghost of Mojoaz the Skullcrusher, a legendary GrFi of the Shining One (Zig:19)
  The ghost of Mojoaz the Skullcrusher, a legendary GrFi of the Shining One (Zig:19)
  The ghost of Mojoaz the Skullcrusher, a legendary GrFi of the Shining One (Zig:19)
  The ghost of Mojoaz the Skullcrusher, a legendary GrFi of the Shining One (Zig:19)
  The ghost of Mojoaz the Skullcrusher, a legendary GrFi of the Shining One (Zig:19)
  The ghost of Mojoaz the Skullcrusher, a legendary GrFi of the Shining One (Zig:19)
  The ghost of Mojoaz the Skullcrusher, a legendary GrFi of the Shining One (Zig:19)
  The ghost of Mojoaz the Skullcrusher, a legendary GrFi of the Shining One (Zig:19)
  The ghost of Mojoaz the Skullcrusher, a legendary GrFi of the Shining One (Zig:19)
  The ghost of Mojoaz the Skullcrusher, a legendary GrFi of the Shining One (Zig:19)
  Vv (Crypt:2)
  Boris (Tomb:2)
  3 Killer Klowns (Zot:5)
  40 royal mummies
  Bai Suzhen (Shoals:3)
  34 shard shrikes
  The ghost of Emnejil the Slayer, a master VSBe of Trog (Zot:2)
  15 pandemonium lords (Pan)
  40 caustic shrikes
  Geryon (Hell)
  4 curse toes
  Vashnia (Snake:3)
  2 juggernauts (shapeshifter) (Zot:4)
  7 golden dragons
  20 bone dragons
  8 profane servitors
  Nikola (Vaults:1)
  4 pearl dragons
  Jory (Vaults:4)
  16 iron giants
  The ghost of themarg the Warrior, an adept DsCA of Vehumet (Vaults:3)
  2 electric golems (Zot:5)
  15 Brimstone Fiends
  11 doom hounds
  21 hellephants
  38 Hell Sentinels
  13 Tzitzimimeh
  23 tentacled monstrosities
  12 tainted leviathans
  33 Ice Fiends
  Jorgrun (Snake:3)
  A spectral shard shrike (Tar:2)
  Mlioglotl (Snake:3)
  28 Orb Guardians
  10 liches
  A moon troll (WizLab)
  5 quicksilver dragons
  Grunn (Zot:2)
  2 deep elf blademasters (Elf:3)
  22 searing wretches
  10 titans
  24 acid blobs
  A kraken (Shoals:4)
  2 deep elf master archers (Elf:3)
  14 sphinxes
  29 Executioners
  Polyphemus (Shoals:3)
  6 death cobs
  A thorn hunter (Zig:17)
  14 tentacled starspawn
  2 eldritch tentacles
  Kirke (D:13)
  38 ancient champions
  10 tengu reavers
  14 shadow dragons
  Agnes (Snake:2)
  Roxanne (Snake:3)
  6 storm dragons
  3 fenstrider witches
  5 draconian knights
  5 revenants
  12 nagarajas
  16 azure jellies
  4 draconian monks
  12 protean progenitors
  13 demonspawn warmongers (Pan)
  7 rockslimes
  23 narguns
  21 fire giants
  19 daevas (Pan)
  7 draconian shifters
  24 quicksilver elementals
  6 deep elf sorcerers
  2 draconian scorchers (Zot:1)
  34 balrugs
  2 spectral juggernauts
  12 vault wardens
  14 shard shrike simulacra
  4 deep elf elementalists (Elf:3)
  7 iron dragons
  21 frost giants
  26 angels
  An iron troll (shapeshifter) (Zot:4)
  25 cacodemons
  2 caustic shrike zombies
  A spectral caustic shrike (Tar:4)
  4 curse skulls
  5 ghost moths
  21 demonspawn corrupters
  16 demonspawn blood saints
  35 reapers
  5 draconian stormcallers
  13 draconian annihilators
  3 spriggan defenders (Depths:3)
  8 ghouls
  27 ironbound preservers
  11 ophanim (Pan)
  6 caustic shrike skeletons
  21 very ugly things
  12 formless jellyfish
  11 ironbound thunderhulks
  5 juggernaut skeletons
  19 stone giants
  4 quicksilver oozes (Slime:5)
  25 elemental wellsprings
  9 vampire knights
  10 putrid mouths
  24 lorocyprocas (Pan)
  13 deep elf demonologists
  10 green draconians
  An eleionoma (Zig:17)
  13 deep elf death magi
  2 spectral titans
  2 deep elf annihilators
  4 yellow draconians
  26 war gargoyles
  23 wendigos
  12 black draconians
  16 demonspawn black suns
  25 apis
  10 bennus
  A bunyip (Zig:17)
  11 dire elephants
  12 red draconians
  9 white draconians
  10 purple draconians
  Snorg (D:11)
  6 spark wasps
  9 starcursed masses
  10 eidola
  3 merfolk javelineers
  6 crystal guardians
  29 jiangshi
  31 blizzard demons
  22 green deaths
  32 mummy priests
  14 ettins
  13 fire dragons
  9 merfolk impalers
  21 iron golems
  2 shambling mangroves (Zig:17)
  3 spectral quicksilver dragons (Zot:2)
  7 deep elf high priests
  4 spectral spriggans
  12 yaktaur captains
  36 vault guards
  A spriggan zombie (Tar:7)
  12 ice dragons
  8 salamander tyrants
  13 caustic shrike simulacra
  8 rakshasas
  4 hell beasts
  2 satyrs
  4 ogre magi
  12 great orbs of eyes
  2 spriggan skeletons (Tomb:3)
  5 ghost crabs
  8 juggernaut simulacra
  5 entropy weavers
  6 spriggan air magi
  5 hydras
  A sphinx zombie (Zig:11)
  A spectral human (Tar:1)
  4 centaur warriors
  7 ironbound frosthearts
  4 catoblepae
  6 death knights
  2 peacekeepers
  9 anacondas
  3 boulder beetles
  A jorogumo (Pan)
  3 merfolk avatars
  An alligator (Zig:17)
  6 stokers
  16 dancing weapons
  10 merfolk aquamancers
  7 two-headed ogres
  2 spectral draconians (Zot:2)
  2 alligator snapping turtles
  18 naga warriors
  7 deep troll shamans
  9 thrashing horrors
  5 deep troll earth magi
  A spectral dire elephant (Tar:7)
  10 death yaks
  34 hell hogs
  6 orc high priests
  19 demonic crawlers (Pan)
  8 spriggan berserkers
  21 death scarabs
  6 tengu warriors
  14 vampire magi
  18 naga sharpshooters
  6 shock serpents
  A titan zombie (Tar:7)
  A spectral storm dragon (Zot:2)
  5 hell knights
  4 occultists (Depths:2)
  A storm dragon zombie (Zig:11)
  86 sun demons
  5 hellephant skeletons (Pan)
  10 deep elf knights
  9 wretched stars
  Nergalle (D:11)
  54 soul eaters
  9 skysharks
  2 titan skeletons
  27 crystal echidnas
  2 pharaoh ants (Zig:16)
  2 skysharks (shapeshifter)
  6 quicksilver dragon simulacra
  5 salamander mystics
  29 sixfirhies
  A golden dragon zombie (Depths:3)
  30 shadow wraiths
  2 spectral anacondas
  37 skeletal warriors
  17 shadow demons (Pan)
  18 cherubim
  A fire crab (D:10)
  5 orange crystal statues
  5 flayed ghosts
  13 iron trolls
  8 sun moths (Pan)
  2 goliath frogs
  6 arcanists
  3 mana vipers (shapeshifter)
  10 sea snakes
  2 anaconda zombies
  4 spatial maelstroms (Zig:20)
  12 mana vipers
  An orb spider (shapeshifter) (Vaults:5)
  7 naga ritualists
  64 deep trolls
  11 deep elf archers
  6 swamp dragons
  15 glowing orange brains
  2 orb spiders (Zig:16)
  7 spriggan druids
  An anaconda (shapeshifter) (D:15)
  A kraken simulacrum (Shoals:4)
  14 orc knights
  8 lindwurms
  4 obsidian statues
  14 ironbound convokers
  Pikel (D:8)
  14 phantasmal warriors
  9 necromancers
  A steelbarb worm (shapeshifter) (Vaults:4)
  26 harpies
  18 deep elf zephyrmancers
  A wolf spider zombie (Crypt:1)
  A wolf spider (Zig:16)
  24 deep elf pyromancers
  6 cyclopes
  A shadow dragon skeleton (Tomb:2)
  13 fauns
  A golden dragon skeleton (Tar:7)
  An oklob plant (Zig:10)
  8 orc sorcerers
  An iron dragon skeleton (Crypt:1)
  3 worldbinders
  An alligator skeleton (Hell)
  A sphinx simulacrum (Zig:18)
  43 ugly things
  19 manticores
  5 will-o-the-wisps (Zig:17)
  16 moths of wrath
  A spectral ettin (Tar:7)
  14 salamanders
  2 shining eyes
  A spectral alligator snapping turtle (Tar:2)
  A meliai (shapeshifter) (Elf:3)
  14 merfolk sirens
  2 stone giant skeletons
  9 elephants
  3 kobold blastminers (Zig:9)
  23 vault sentinels
  An elephant (shapeshifter) (Vaults:5)
  A centaur zombie (Tomb:1)
  15 guardian serpents
  2 titan simulacra
  A dire elephant zombie (Crypt:1)
  2 spectral centaurs (Tar:1)
  29 large abominations
  A frost giant skeleton (Zig:11)
  2 apocalypse crabs
  10 water nymphs
  2 eyes of devastation (shapeshifter)
  A human skeleton (Vaults:5)
  35 orange demons
  10 ice statues
  11 rust devils
  7 torpor snails
  50 black mambas
  2 naga zombies
  7 eyes of devastation (WizLab)
  3 gargoyles
  96 smoke demons
  A dire elephant skeleton (Tomb:1)
  63 hellions
  18 naga magi
  10 cane toads
  2 storm dragon simulacra (Coc:1)
  A cane toad (shapeshifter) (D:13)
  32 yaktaurs
  A bunyip simulacrum (Coc:2)
  13 freezing wraiths
  3 kobold demonologists
  4 efreet
  Jeremiah (D:6)
  An alligator snapping turtle skeleton (Tomb:1)
  42 guardian mummies
  35 tormentors
  9 komodo dragons
  6 ancient zymes
  2 golden dragon simulacra (Zot:2)
  2 tengu conjurers (Depths:3)
  6 rime drakes
  4 ice devils
  9 red devils
  A spectral naga (Tar:1)
  An iron giant simulacrum (Coc:5)
  A spectral harpy (Tar:1)
  32 hellwings
  7 anaconda simulacra
  11 trolls
  6 polar bears
  2 tyrant leeches (Zig:17)
  A sea snake skeleton (Hell)
  3 spectral moths of wrath (Zot:2)
  A hydra zombie (Hell)
  A harpy zombie (Tomb:3)
  2 bloated husks (Zig:17)
  9 wind drakes
  8 hornets
  Grinder (D:6)
  39 merfolk
  4 raiju
  An alligator simulacrum (Hell)
  3 hydra skeletons
  10 saltlings (Orc:2)
  5 glass eyes
  6 snapping turtles
  3 blink frogs (Lair:5)
  4 tarantellas
  An ettin zombie (Vaults:5)
  An ice dragon zombie (Abyss:1)
  2 iron dragon simulacra
  A radroach zombie (Crypt:2)
  A harpy skeleton (Tar:7)
  A merfolk zombie (Tomb:1)
  A dream sheep (shapeshifter) (Zig:15)
  16 dream sheep
  A centaur simulacrum (Coc:2)
  A jumping spider (Zig:2)
  A black mamba zombie (Tomb:3)
  69 slime creatures
  An ettin skeleton (Tar:7)
  6 shadows
  12 wraiths
  48 ynoxinuls
  75 yaks
  A spriggan (shapeshifter) (Abyss:1)
  8 spriggans
  7 water elementals
  27 ushabtiu
  A hog (shapeshifter) (Vaults:5)
  A wyvern (shapeshifter) (Elf:1)
  An air elemental (Elf:1)
  6 wyverns
  6 fire elementals
  4 vampires
  4 hogs (D:13)
  2 humans (D:9)
  4 fire bats (Pan)
  A slime creature zombie (Vaults:2)
  22 neqoxecs
  8 wargs
  8 dire elephant simulacra
  An alligator snapping turtle simulacrum (Coc:2)
  2 golden eyes (Slime:5)
  3 basilisks
  A steam dragon (D:9)
  A redback (shapeshifter) (Vaults:5)
  2 death yak simulacra (IceCv)
  3 redbacks
  15 vampire mosquitoes
  A sea snake simulacrum (Hell)
  15 harpy simulacra
  Edmund (D:4)
  34 chaos spawn
  A deep troll zombie (Crypt:2)
  2 acid dragons
  54 nagas
  17 water moccasins
  4 hell hounds (Abyss:1)
  A faun skeleton (Crypt:1)
  Duvessa (D:5)
  4 hydra simulacra
  A moth of wrath simulacrum (Zot:2)
  15 orc warriors
  An ice beast (D:6)
  26 laughing skulls
  2 black bears
  5 ettin simulacra
  5 small abominations
  A snapping turtle zombie (Crypt:1)
  14 ogres
  8 wolves
  A boggart (D:14)
  A tengu (shapeshifter) (Elf:3)
  A manticore skeleton (Crypt:2)
  9 centaurs
  A manticore zombie (Zig:16)
  A lindwurm skeleton (Crypt:2)
  A phantom (D:5)
  A torpor snail zombie (Crypt:2)
  A weeping skull (Crypt:3)
  3 lemures (D:8)
  9 kobold brigands
  11 bullfrogs
  A gnoll sergeant (D:12)
  A glowing shapeshifter simulacrum (Depths:3)
  3 earth elementals
  5 necrophages
  A scorpion (shapeshifter) (D:15)
  3 scorpions
  A two-headed ogre simulacrum (D:12)
  10 wights
  2 burial acolytes (Crypt:3)
  Dowan (D:5)
  4 killer bees (D:8)
  2 elephant simulacra
  7 electric eels
  7 howler monkeys
  A bullfrog zombie (D:8)
  A quasit (Abyss:1)
  7 jellies
  A bombardier beetle (D:6)
  2 gnoll boudas
  19 orc priests
  3 hounds
  An iron imp (Abyss:1)
  A sleepcap (D:5)
  31 orc wizards
  An iguana (D:4)
  15 hell rats
  4 spriggan simulacra
  A troll simulacrum (D:12)
  A polar bear simulacrum (IceCv)
  3 wolf simulacra
  2 naga skeletons
  47 mummies
  13 gnolls
  4 naga simulacra
  12 adders
  4 ufetubi
  2 orc zombies (D:7)
  A ribbon worm (D:5)
  5 dart slugs
  62 orcs
  3 bats
  8 endoplasms
  A giant cockroach (D:2)
  2 gnoll zombies (D:8)
  11 goblins
  7 hobgoblins
  4 jackals (D:3)
  A quokka (D:4)
  10 ball pythons
  29 kobolds
  2 kobold zombies (D:8)
  A rat (D:1)
  9 aspiring fleshes
  7 ball lightnings (Pan)
  3 creeping infernos
  A lurking horror (Abyss:3)
  2 spectral weapons (Zig:14)
  13 starspawn tentacles
4751 creatures vanquished.

Vanquished Creatures (collateral kills)
  Dissolution (Slime:5)
  Frederick (Depths:4)
  2 royal mummies
  Boris (Vaults:1)
  Parghit (Depths:3)
  A caustic shrike (Dis:5)
  2 golden dragons (Depths:4)
  the Enchantress (Depths:3)
  2 bone dragons
  An iron giant (Zig:12)
  3 Tzitzimimeh
  A hellephant (Pan)
  4 Ice Fiends
  The ghost of Persephone the Warrior, an adept DsBe of Trog (Vaults:2)
  4 tentacled monstrosities
  4 tainted leviathans (Tar:7)
  An Orb Guardian (Zot:5)
  An acid blob (Slime:3)
  5 ancient champions
  2 death cobs (Zot:4)
  3 tentacled starspawn (WizLab)
  A demonspawn warmonger (D:1)
  Aizul (Vaults:1)
  A revenant (Zig:19)
  A fire giant (Geh:3)
  A rockslime (Slime:1)
  A draconian knight (Depths:4)
  A frost giant (Zig:18)
  A caustic shrike zombie (Tar:7)
  A draconian annihilator (Zot:4)
  A draconian stormcaller (Zot:3)
  An angel (Pan)
  2 cacodemons
  5 reapers (Pan)
  An ironbound preserver (Vaults:4)
  A demonspawn corrupter (Pan)
  An ironbound thunderhulk (Vaults:2)
  2 stone giants
  An ophan (Pan)
  2 green draconians (Zot:4)
  2 very ugly things (WizLab)
  A demonspawn black sun (Zig:19)
  A war gargoyle (Dis:2)
  A dire elephant (Vaults:3)
  A red draconian (Depths:4)
  2 vampire knights (Crypt:3)
  A purple draconian (Zot:2)
  An apis (Pan)
  A yellow draconian (Zot:4)
  2 black draconians (Zot:4)
  2 lorocyprocas (Pan)
  A spark wasp (Zot:2)
  2 white draconians
  A blizzard demon (Pan)
  2 crystal guardians (WizLab)
  A shambling mangrove (Zig:17)
  A yaktaur captain (Vaults:1)
  A mummy priest (Tomb:1)
  A great orb of eyes (Slime:3)
  A hell beast (Pan)
  A deep troll shaman (Depths:3)
  4 dancing weapons
  A death scarab (Tomb:1)
  A naga warrior (Zig:16)
  2 soul eaters
  A deep elf knight (Elf:2)
  A shock serpent (Snake:4)
  A wretched star (Zig:20)
  A hell knight (Depths:3)
  An iron troll (Depths:3)
  3 skeletal warriors (Crypt:3)
  A cherub (Pan)
  A deep elf archer (Elf:1)
  6 deep trolls
  3 glowing orange brains
  2 ironbound convokers
  A lindwurm (Vaults:3)
  A necromancer (Depths:3)
  A deep elf zephyrmancer (Elf:1)
  A stone giant zombie (Crypt:3)
  A deep elf pyromancer (Elf:1)
  2 ugly things
  A large abomination (Pan)
  An elephant (Zig:14)
  3 moths of wrath (Zot:4)
  An eleionoma skeleton (Crypt:1)
  A vault sentinel (Vaults:1)
  2 eyes of devastation (Slime:5)
  A black mamba (Snake:4)
  A naga skeleton (Tomb:2)
  A yaktaur (Vaults:1)
  A kobold demonologist (Pan)
  3 hellions
  A bunyip simulacrum (Coc:2)
  A merfolk (Pan)
  A hellwing (Pan)
  A harpy skeleton (Tomb:3)
  A spectral moth of wrath (Zot:2)
  5 slime creatures
  A wyvern (Zig:14)
  A starcursed mass (Zig:20)
  A golden eye (Zig:20)
  A neqoxec (Pan)
  A harpy simulacrum (Coc:5)
  A water moccasin (D:8)
  2 orc warriors
  6 laughing skulls
  A wyvern zombie (Crypt:1)
  A scorpion (D:3)
  2 burial acolytes (Crypt:3)
  A wight (D:8)
  2 killer bees (D:8)
  A jelly (D:6)
  A bombardier beetle (D:5)
  An orc priest (D:7)
  2 hell rats (Hell)
  An acid dragon zombie (Crypt:1)
  20 mummies
  3 gnolls (D:8)
  9 orcs
  2 endoplasms (D:4)
  A hobgoblin (D:2)
  A ball python (D:2)
  3 kobolds
  2 aspiring fleshes
  A creeping inferno (Hell)
  7 starspawn tentacles
233 creatures vanquished.

Vanquished Creatures (others)
  A pandemonium lord (Pan)
  35 eldritch tentacles
  A merfolk aquamancer (Pan)
  A deep elf knight (Elf:1)
  A shadow wraith (Crypt:3)
  A skeletal warrior (Crypt:3)
  A naga zombie (Zig:16)
  A black mamba (Snake:3)
  A smoke demon (Pan)
  A fire elemental (Elf:1)
  A harpy simulacrum (Coc:6)
  A human zombie (Vaults:2)
  A bullfrog zombie (D:7)
  A hound zombie (D:7)
  An orc (Vaults:5)
  3 gnoll zombies (D:8)
  7 kobold zombies
  6 orc zombies
  2 ball lightnings (Pan)
  1734 fire vortices
  7 foxfires (Zig:17)
  11 starspawn tentacles
  8 tentacles (Shoals:4)
1827 creatures vanquished.

Grand Total: 6811 creatures vanquished

Notes
Turn   | Place    | Note
-------+----------+-------------------------------------------
     0 | D:1      | snackwell the Djinni Hedge Wizard began the quest for the
                  | Orb.
     0 | D:1      | snackwell set off with the following spells memorised:
                  | Magic Dart, Slow, Blink, Call Imp, Mephitic Cloud.
     0 | D:1      | Reached XP level 1. HP: 15/15 MP: 0/0
   265 | D:1      | Reached XP level 2. HP: 19/22 MP: 0/0
   372 | D:1      | Found a faded altar of an unknown god.
   397 | D:1      | Reached skill level 1 in Fighting
   496 | D:1      | Reached XP level 3. HP: 21/27 MP: 0/0
   496 | D:1      | Learned a level 1 spell: Apportation
  1295 | D:2      | Reached XP level 4. HP: 12/32 MP: 0/0
  1831 | D:3      | Noticed a scorpion
  1838 | D:3      | Killed a scorpion
  1839 | D:3      | Reached XP level 5. HP: 34/38 MP: 0/0
  1839 | D:3      | Learned a level 2 spell: Ensorcelled Hibernation
  2143 | D:3      | Found a sparkling altar of Nemelex Xobeh.
  2298 | D:3      | Reached XP level 6. HP: 43/45 MP: 0/0
  2395 | D:3      | You are sucked into a shaft and drop 3 floors!
  2457 | D:5      | Entered Level 5 of the Dungeon
  2482 | D:5      | Found a white marble altar of Elyvilon.
  2597 | D:4      | Reached skill level 5 in Spellcasting
  2597 | D:4      | Reached skill level 5 in Conjurations
  2597 | D:4      | Reached skill level 5 in Hexes
  2597 | D:4      | Reached skill level 5 in Summonings
  2597 | D:4      | Reached skill level 5 in Necromancy
  2597 | D:4      | Reached skill level 5 in Translocations
  2597 | D:4      | Reached skill level 5 in Fire Magic
  2597 | D:4      | Reached skill level 5 in Ice Magic
  2597 | D:4      | Reached skill level 5 in Air Magic
  2597 | D:4      | Reached skill level 5 in Earth Magic
  2597 | D:4      | Reached skill level 5 in Alchemy
  3494 | D:4      | Reached XP level 7. HP: 34/50 MP: 0/0
  3494 | D:4      | Learned a level 3 spell: Teleport Other
  4046 | D:4      | Noticed Edmund
  4233 | D:4      | Found a staircase to the Ecumenical Temple.
  4822 | Temple   | Entered the Ecumenical Temple
  4855 | Temple   | Became a worshipper of Makhleb the Destroyer
  4951 | D:4      | Killed Edmund
  4952 | D:4      | Reached XP level 8. HP: 52/58 MP: 0/0
  5200 | D:5      | Identified the +0 ring mail of Dishonour {+Inv Will+ SInv
                  | Stlth-}
  5305 | D:5      | Reached skill level 5 in Fighting
  5948 | D:5      | Noticed Duvessa
  5949 | D:5      | Noticed Dowan
  5962 | D:5      | Killed Duvessa
  5964 | D:5      | Killed Dowan
  6121 | D:6      | Reached XP level 9. HP: 57/65 MP: 0/0
  6121 | D:6      | Learned a level 4 spell: Animate Dead
  6254 | D:6      | Noticed Grinder
  6262 | D:6      | Killed Grinder
  6327 | D:6      | Found an opulent altar of Gozag.
  6328 | D:6      | Found a hazy altar of Hepliaklqana.
  6334 | D:6      | Found an ornate altar of the Wu Jian Council.
  6540 | D:6      | Noticed Jeremiah
  6566 | D:6      | Killed Jeremiah
  7332 | D:7      | Found a broken altar of Ashenzari.
  7382 | D:7      | Found a basalt altar of Yredelemnul.
  7696 | D:7      | Reached * piety under Makhleb
  7697 | D:7      | Reached XP level 10. HP: 75/75 MP: 0/0
  7852 | D:8      | Found Cuanube's Distillery.
  7858 | D:8      | Bought a potion of heal wounds for 70 gold pieces
  8073 | D:8      | Reached ** piety under Makhleb
  8411 | D:8      | Noticed Pikel
  8466 | D:8      | Killed Pikel
  8730 | D:9      | Reached skill level 5 in Dodging
  8777 | D:9      | Reached skill level 1 in Polearms
  9659 | D:9      | Found an iron altar of Okawaru.
  9707 | D:9      | Reached XP level 11. HP: 80/82 MP: 0/0
  9707 | D:9      | Learned a level 5 spell: Fireball
  9814 | D:10     | Entered Level 10 of the Dungeon
  9847 | D:10     | Found a glowing silver altar of Zin.
  9976 | D:10     | Found a staircase to the Lair.
  9977 | D:10     | Noticed a fire crab
  9993 | D:10     | Killed a fire crab
  9994 | D:10     | Reached skill level 1 in Invocations
 10500 | D:10     | Noticed a +0 hand axe
 10500 | D:10     | Noticed a +0 hand axe
 10612 | D:10     | Found a hide-covered altar of Uskayaw.
 10715 | D:10     | Gained mutation: You are frail. (-10% HP) [a neqoxec]
 10746 | D:10     | Identified the -1 helmet of Xair {+Inv rF+ Will+}
 11250 | D:11     | Reached *** piety under Makhleb
 11269 | D:11     | Noticed a boulder beetle
 11289 | D:11     | Killed a boulder beetle
 11396 | D:11     | Noticed a manticore
 11399 | D:11     | Killed a manticore
 11420 | D:11     | Noticed Nergalle
 11423 | D:11     | Killed Nergalle
 11424 | D:11     | Reached skill level 10 in Fighting
 11424 | D:11     | Reached XP level 12. HP: 68/81 MP: 0/0
 11511 | D:11     | Found a staircase to the Orcish Mines.
 11514 | D:11     | Noticed Snorg
 11525 | D:11     | Reached skill level 5 in Invocations
 11528 | D:11     | Killed Snorg
 11529 | D:11     | Reached skill level 5 in Polearms
 11597 | D:11     | Noticed a two-headed ogre
 11602 | D:11     | Killed a two-headed ogre
 11756 | Lair:1   | Entered Level 1 of the Lair of Beasts
 11760 | Lair:1   | Identified the +4 plate armour "Vajoklups" {rPois Slay+4}
 12005 | Lair:1   | Reached skill level 10 in Spellcasting
 12005 | Lair:1   | Reached skill level 10 in Conjurations
 12005 | Lair:1   | Reached skill level 10 in Hexes
 12005 | Lair:1   | Reached skill level 10 in Summonings
 12005 | Lair:1   | Reached skill level 10 in Necromancy
 12005 | Lair:1   | Reached skill level 10 in Translocations
 12005 | Lair:1   | Reached skill level 10 in Fire Magic
 12005 | Lair:1   | Reached skill level 10 in Ice Magic
 12005 | Lair:1   | Reached skill level 10 in Air Magic
 12005 | Lair:1   | Reached skill level 10 in Earth Magic
 12005 | Lair:1   | Reached skill level 10 in Alchemy
 12232 | Lair:2   | Reached skill level 1 in Evocations
 12232 | Lair:2   | Noticed a skyshark
 12240 | Lair:2   | Killed a skyshark
 12380 | Lair:2   | Found a staircase to the Shoals.
 12785 | Lair:2   | Reached **** piety under Makhleb
 13149 | Lair:2   | Found a staircase to the Snake Pit.
 13326 | Lair:3   | Reached XP level 13. HP: 86/89 MP: 0/0
 13326 | Lair:3   | Learned a level 5 spell: Arcjolt
 13605 | Lair:3   | Reached skill level 5 in Evocations
 14212 | Lair:4   | Reached ***** piety under Makhleb
 14775 | Lair:5   | Entered Level 5 of the Lair of Beasts
 15098 | Lair:5   | Reached XP level 14. HP: 75/96 MP: 0/0
 15183 | Lair:5   | Found a viscous altar of Jiyva.
 15186 | Lair:5   | Found a staircase to the Slime Pits.
 15446 | Lair:5   | Reached ****** piety under Makhleb
 15458 | Lair:5   | Reached skill level 10 in Invocations
 16085 | Orc:1    | Entered Level 1 of the Orcish Mines
 16154 | Orc:2    | Entered Level 2 of the Orcish Mines
 16626 | Orc:2    | Found a staircase to the Elven Halls.
 16877 | Orc:2    | Reached XP level 15. HP: 93/100 MP: 0/0
 16877 | Orc:2    | Learned a level 6 spell: Sculpt Simulacrum
 17228 | Orc:2    | Found Osasoung's Book Shop.
 17250 | Orc:2    | Reached skill level 10 in Evocations
 17276 | Orc:2    | Found Kaikess's Jewellery Boutique.
 17306 | Orc:2    | Found Rysusmip's Assorted Antiques.
 17332 | Orc:2    | Found Gukh's Magic Scroll Shoppe.
 17338 | Orc:2    | Bought a scroll of revelation for 97 gold pieces
 17362 | Orc:2    | Bought a scroll of blinking for 157 gold pieces
 17912 | D:12     | Found a frozen archway.
 18038 | IceCv    | Entered an ice cave
 18966 | D:13     | Noticed Nessos
 18968 | D:13     | Nessos changed into Nessos the swamp dragon
 18968 | D:13     | Noticed Nessos
 18972 | D:13     | Killed Nessos the swamp dragon
 18982 | D:13     | Noticed Kirke
 18992 | D:13     | Killed Kirke
 19053 | D:13     | Noticed Sonja
 19054 | D:13     | Sonja changed into Sonja the naga
 19054 | D:13     | Noticed Sonja
 19055 | D:13     | Killed Sonja the naga
 19483 | D:13     | Reached XP level 16. HP: 48/108 MP: 0/0
 19489 | D:13     | Gained mutation: You are very frail. (-20% HP) [a neqoxec]
 20098 | D:14     | Found a shadowy altar of Dithmenos.
 20380 | D:14     | Paralysed by an ogre mage for 3 turns
 20692 | D:14     | Identified the ring of Arruarurr {*Corrode Fly rElec AC+4
                  | Dex+7}
 20932 | D:14     | Found a gate to the Vaults.
 21069 | D:15     | Entered Level 15 of the Dungeon
 21118 | D:15     | Reached skill level 1 in Shields
 21708 | D:15     | Found a staircase to the Depths.
 21909 | Lair:1   | Lost mutation: You are very frail. (-20% HP) [potion of
                  | mutation]
 21909 | Lair:1   | Lost mutation: You are frail. (-10% HP) [potion of
                  | mutation]
 21909 | Lair:1   | Gained mutation: You have a pair of small antennae on your
                  | head. [potion of mutation]
 21909 | Lair:1   | Lost mutation: You have a pair of small antennae on your
                  | head. [potion of mutation]
 21952 | Snake:1  | Entered Level 1 of the Snake Pit
 21960 | Snake:1  | Reached skill level 5 in Shields
 22172 | Snake:1  | Reached XP level 17. HP: 126/129 MP: 0/0
 22172 | Snake:1  | Learned a level 6 spell: Starburst
 23194 | Snake:2  | Found a shimmering altar of Xom.
 23216 | Snake:2  | Noticed Agnes
 23220 | Snake:2  | Killed Agnes
 23754 | Snake:2  | You are sucked into a shaft and drop 1 floor!
 23835 | Snake:3  | Noticed Mara
 23853 | Snake:3  | Noticed Vashnia
 23859 | Snake:3  | Noticed Jorgrun
 24280 | Snake:3  | Found Wuveyr's Book Shop.
 24354 | Snake:3  | Reached skill level 10 in Shields
 24452 | Snake:3  | Noticed snackwell's illusion
 24576 | Snake:3  | Noticed snackwell's illusion
 24583 | Snake:2  | Noticed snackwell's illusion
 24585 | Snake:2  | Killed Mara
 24742 | Snake:3  | Found Lileulyw's Armour Boutique.
 24837 | Snake:3  | Noticed Mlioglotl
 24866 | Snake:3  | Killed Vashnia
 24867 | Snake:3  | Killed Mlioglotl
 24868 | Snake:3  | Reached XP level 18. HP: 66/135 MP: 0/0
 25172 | Snake:3  | Noticed Roxanne
 25310 | Snake:3  | Killed Jorgrun
 25445 | Snake:4  | Entered Level 4 of the Snake Pit
 25589 | Snake:4  | Reached skill level 15 in Spellcasting
 25589 | Snake:4  | Reached skill level 15 in Conjurations
 25589 | Snake:4  | Reached skill level 15 in Hexes
 25589 | Snake:4  | Reached skill level 15 in Summonings
 25589 | Snake:4  | Reached skill level 15 in Necromancy
 25589 | Snake:4  | Reached skill level 15 in Translocations
 25589 | Snake:4  | Reached skill level 15 in Fire Magic
 25589 | Snake:4  | Reached skill level 15 in Ice Magic
 25589 | Snake:4  | Reached skill level 15 in Air Magic
 25589 | Snake:4  | Reached skill level 15 in Earth Magic
 25589 | Snake:4  | Reached skill level 15 in Alchemy
 25672 | Snake:4  | Found Acretiuh's Self-Published Books.
 26108 | Snake:4  | Found Ridorhitua's Antique Weapon Emporium.
 26171 | Snake:4  | Identified the +4 chain mail "Guugu" {Rampage rF+ rN+
                  | Str+3}
 26854 | Snake:4  | Got a serpentine rune of Zot
 27131 | Orc:2    | Bought an amulet of reflection for 510 gold pieces
 27268 | Shoals:1 | Entered Level 1 of the Shoals
 27513 | Shoals:1 | Reached XP level 19. HP: 139/141 MP: 0/0
 27513 | Shoals:1 | Learned a level 7 spell: Malign Gateway
 27660 | Shoals:1 | Found Waatouf's Armour Shop.
 28253 | Shoals:2 | Found Heut's Island Escapes.
 28262 | Shoals:2 | Bought a scroll of teleportation for 30 gold pieces
 28262 | Shoals:2 | Bought a wand of digging (3) for 126 gold pieces
 28262 | Shoals:2 | Bought a scroll of fog for 40 gold pieces
 28262 | Shoals:2 | Bought a scroll of fog for 40 gold pieces
 28747 | Shoals:3 | Noticed Bai Suzhen
 28762 | Shoals:3 | Killed Bai Suzhen
 28763 | Shoals:3 | Reached skill level 15 in Fighting
 28849 | Shoals:3 | Noticed Polyphemus
 28862 | Shoals:3 | Killed Polyphemus
 29126 | Shoals:3 | Found Tyimux's Visitors' Centre.
 29126 | Shoals:3 | Found Tyimux's Merfolk Armours.
 29131 | Shoals:3 | Found Tyimux's Merfolk Magic.
 29131 | Shoals:3 | Found Tyimux's Merfolk Weapons.
 29633 | Shoals:4 | Entered Level 4 of the Shoals
 30290 | Shoals:4 | Reached XP level 20. HP: 151/151 MP: 0/0
 30398 | Shoals:4 | Got a barnacled rune of Zot
 30724 | Shoals:4 | Identified the staff "Sackodar" {Int+4 Earth Alchemy}
 31235 | Elf:1    | Entered Level 1 of the Elven Halls
 31384 | Elf:1    | Reached skill level 1 in Armour
 31502 | Elf:1    | Found Biro's Book Emporium.
 33020 | Elf:2    | Found Zaxoost's Book Shop.
 33389 | Elf:2    | Found Muyfit's Book Shop.
 33401 | Elf:2    | Found Pyloanic's Distillery.
 33426 | Elf:2    | Reached skill level 5 in Armour
 33474 | Elf:2    | Found a portal to a secret trove of treasure.
 33567 | Elf:2    | Found a runed translucent gate.
 33567 | Elf:2    | Found a runed translucent gate.
 33567 | Elf:2    | Found a runed translucent gate.
 33773 | Elf:3    | Entered Level 3 of the Elven Halls
 34140 | Elf:3    | Found Zioskicou's Distillery.
 34154 | Elf:3    | Bought a potion of resistance for 160 gold pieces
 34154 | Elf:3    | Bought a potion of resistance for 160 gold pieces
 34154 | Elf:3    | Bought a potion of heal wounds for 80 gold pieces
 34154 | Elf:3    | Bought a potion of haste for 160 gold pieces
 34154 | Elf:3    | Bought a potion of heal wounds for 80 gold pieces
 34972 | Elf:3    | Reached XP level 21. HP: 124/158 MP: 0/0
 34972 | Elf:3    | Learned a level 8 spell: Lehudib's Crystal Spear
 35025 | Elf:3    | Noticed a Tzitzimitl
 35148 | Elf:3    | Identified the +5 long sword of Untruth {venom, SInv}
 35286 | Elf:3    | Identified the +9 spear of the Flying Sybil {heavy, rElec}
 35306 | Elf:3    | Identified the ring of Uduf Vae {Fly rC+ rCorr Int+3 Dex-3}
 35330 | Elf:3    | Identified the amulet "Dujaide" {RegenMP rF- rCorr Int+7}
 35562 | Elf:3    | Identified the +4 falchion of Wifaduot {freeze, rF+}
 35575 | Elf:3    | Identified the +1 spear "Oqikoded" {freeze, rF+ Str+2}
 35577 | Elf:3    | Identified the +3 sling of Ogit {drain, rCorr Int-4 Dex+5
                  | SInv}
 36090 | Vaults:1 | Entered Level 1 of the Vaults
 36573 | Vaults:1 | Noticed Nikola
 36587 | Vaults:1 | Killed Nikola
 37055 | Vaults:1 | Identified the serpent talisman of Incorporation {rElec
                  | Str-2 Dex+6 SInv}
 37055 | Vaults:1 | Noticed Aizul
 37075 | Vaults:1 | Killed Aizul
 37373 | Vaults:1 | Noticed Boris
 37388 | Vaults:1 | Killed Boris
 37477 | Vaults:1 | Found Akunt's Antique Armour Emporium.
 38363 | Vaults:2 | Reached XP level 22. HP: 112/167 MP: 0/0
 38427 | Vaults:2 | Noticed Mennas
 39023 | Vaults:2 | Found Jeuteif's Weapon Emporium.
 39155 | Vaults:2 | Found a large runed translucent door.
 39155 | Vaults:2 | Found a large runed translucent door.
 39156 | Vaults:2 | Noticed Persephone's ghost (adept DsBe)
 39243 | Vaults:2 | Killed Mennas
 39813 | Vaults:3 | Found a runed translucent door.
 39813 | Vaults:3 | Found a shimmering altar of Xom.
 39813 | Vaults:3 | Noticed themarg's ghost (adept DsCA)
 39860 | Vaults:3 | Reached skill level 10 in Armour
 39921 | Vaults:3 | Identified the +4 great sword "Diuc" {venom, rF- Will-
                  | Int+5 Dex+9}
 40083 | Vaults:3 | Found a staircase to the Crypt.
 41043 | Vaults:3 | Killed themarg's ghost
 41114 | Vaults:3 | Identified the +8 great mace "Ulomues" {heavy, ^Drain Fly
                  | rElec rC+ SInv}
 41731 | Elf:2    | You paid a toll of a +6 demon trident to enter a treasure
                  | trove
 41732 | Trove    | Entered a treasure trove
 41739 | Trove    | Identified the ring of Siduros {Fly rElec Str+6 Int+3}
 41750 | Trove    | Identified the ring "Pugryl" {rPois rF+}
 41761 | Trove    | Identified the ring "Niguosac" {rC+ Will+ Str+2}
 41768 | Trove    | Identified the ring "Muniewne" {+Blink rPois rF- rC+ Str+4}
 41774 | Trove    | Identified the ring "Uzxefy" {Str+4 Slay+4 Stlth+}
 41776 | Trove    | Identified the amulet "Kewissie" {Acrobat rN+}
 42628 | Vaults:4 | Reached XP level 23. HP: 176/176 MP: 0/0
 42628 | Vaults:4 | Learned a level 7 spell: Summon Hydra
 43172 | Vaults:4 | Noticed Jory
 43195 | Vaults:4 | Killed Jory
 44021 | Slime:1  | Entered Level 1 of the Pits of Slime
 45002 | Slime:5  | Entered Level 5 of the Pits of Slime
 45032 | Slime:5  | Noticed the Royal Jelly
 45200 | Slime:5  | Found a viscous altar of Jiyva.
 45783 | Slime:5  | Noticed Dissolution
 45799 | Slime:5  | Killed Dissolution
 45800 | Slime:5  | Reached skill level 10 in Dodging
 46132 | Slime:5  | Reached XP level 24. HP: 184/184 MP: 0/0
 46219 | Slime:5  | Killed the Royal Jelly
 46292 | Slime:5  | Identified the +5 trident of Yredelemnul's Grace {chaos,
                  | Stlth+}
 46302 | Slime:5  | Identified the ring of Red Wine {Fly rElec rF+ Int+5 Dex-2}
 46495 | Slime:5  | Identified the +2 halberd of Midwinter {venom, Dex+4}
 46513 | Slime:5  | Got a slimy rune of Zot
 46514 | Slime:5  | Identified the ring "Micuch" {rN+ Str+4 Int+6 Dex-3}
 46522 | Slime:5  | Identified the +1 spear of Firocs {flame, rElec rF+ Int+2}
 46545 | Slime:5  | Identified the staff of the Fray {rElec rPois Alchemy}
 46560 | Slime:5  | Identified the +1 morningstar "Xiugasid" {protect, +Blink
                  | rF- rC+ rN+}
 46563 | Slime:5  | Identified the +2 sling of Onkoept {freeze, *Slow Will+
                  | SInv}
 46576 | Slime:5  | Identified the +0 robe "Ranomi" {Stlth+}
 47051 | Crypt:1  | Entered Level 1 of the Crypt
 47291 | Crypt:1  | Identified the +6 trident "Buepiul" {holy, *Corrode rC+ rN+
                  | Int+2}
 47726 | Crypt:1  | Identified the +6 dagger of Fuckomum {elec, rElec rC+ MP+9}
 48006 | Crypt:2  | Found a magical portal.
 48017 | WizLab   | Entered Lehudib's Moon Base
 48071 | WizLab   | Found a transporter.
 48802 | WizLab   | Found a transporter.
 49359 | WizLab   | Identified the +7 chain mail of Life {^Contam rElec rCorr}
 49361 | WizLab   | Identified the +0 hat of Subjectivity {Dex+4}
 49477 | Crypt:2  | Reached skill level 15 in Invocations
 49500 | Crypt:2  | Noticed Vv
 49507 | Crypt:2  | Killed Vv
 49556 | Crypt:2  | Noticed Khufu
 49562 | Crypt:2  | Killed Khufu
 49614 | Crypt:2  | Reached XP level 25. HP: 194/194 MP: 0/0
 49614 | Crypt:2  | Learned a level 9 spell: Fire Storm
 49926 | Crypt:3  | Entered Level 3 of the Crypt
 50495 | Crypt:3  | Found a basalt altar of Yredelemnul.
 50882 | Crypt:3  | Paralysed by something for 3 turns
 51072 | Crypt:3  | Identified the +1 short sword of Eternal War {holy,
                  | *Corrode rF+ rN+ Str+4}
 51085 | Crypt:3  | Identified the staff of the Yoke {rPois rC+ Ice}
 51117 | Crypt:3  | Found a staircase to the Tomb.
 51216 | Crypt:3  | Identified the staff of Causality {^Contam Fly rC+ rN+
                  | Necro}
 51674 | Depths:1 | Entered Level 1 of the Depths
 51700 | Depths:1 | Found a gateway to Hell.
 51953 | Depths:1 | Reached XP level 26. HP: 178/204 MP: 0/0
 52241 | Depths:1 | Found Yhoj's Changing Room.
 52790 | Depths:2 | Found a one-way gate leading to the halls of Pandemonium.
 53166 | Depths:2 | Noticed Sojobo
 53174 | Depths:2 | Killed Sojobo
 53323 | Depths:3 | Found a one-way gateway to a ziggurat.
 53489 | Depths:3 | Noticed Parghit
 53616 | Depths:3 | Killed Parghit
 53699 | Depths:3 | Found a one-way gate to the infinite horrors of the Abyss.
 53749 | Depths:3 | Noticed the Enchantress
 53753 | Depths:3 | Killed the Enchantress
 53843 | Depths:3 | Found a sacrificial altar of Ru.
 54116 | Depths:3 | Reached XP level 27. HP: 196/213 MP: 0/0
 54116 | Depths:3 | Learned a level 9 spell: Dragon's Call
 54153 | Depths:3 | Identified the +4 ring mail of Knowledge {rN+}
 54238 | Depths:4 | Entered Level 4 of the Depths
 54997 | Depths:4 | Identified the orb of Plasticity {*channel, Will+ Str+5
                  | Dex-2}
 54997 | Depths:4 | Noticed Frederick
 55008 | Depths:4 | Killed Frederick
 55371 | Depths:4 | Found a gate to the Realm of Zot.
 55703 | Vaults:5 | Entered Level 5 of the Vaults
 55819 | Vaults:5 | Identified the ring of Leaves {rElec rF- rC+ rN++ Slay+4}
 55889 | Vaults:5 | Identified the amulet of the Serpent {Faith Int-2 Dex+3
                  | Stlth+}
 56309 | Vaults:5 | Noticed a dread lich
 56316 | Vaults:5 | Killed a dread lich
 56340 | Vaults:5 | Noticed a dread lich
 56345 | Vaults:5 | Killed a dread lich
 56442 | Vaults:5 | Upgraded the game from 0.31.0-2-g5a2aebc5c2 to
                  | 0.31.0-4-g52a2dc7128
 56552 | Vaults:5 | Identified the +1 chain mail of Uloreot {Will++}
 56861 | Vaults:5 | Identified the +2 plate armour of Mishrisa {rC+}
 57235 | Vaults:5 | Got a silver rune of Zot
 58066 | Snake:3  | Killed Roxanne
 58372 | Vaults:2 | Killed Persephone's ghost
 58763 | Depths:3 | Voluntarily entered the Abyss.
 59031 | Abyss:1  | Found a corrupted altar of Lugonu.
 59355 | Abyss:2  | Noticed a dread lich
 59366 | Abyss:3  | Reached skill level 1 in Staves
 59370 | Abyss:3  | Found a corrupted altar of Lugonu.
 59467 | Abyss:3  | Got an abyssal rune of Zot
 59483 | Abyss:3  | Found a corrupted altar of Lugonu.
 59495 | Depths:3 | Escaped the Abyss
 59549 | Zot:1    | Entered Level 1 of the Realm of Zot
 59901 | Zot:1    | Gained mutation: Your mind is acute. (Int +4, Str/Dex -1)
                  | [mutagenic glow]
 60510 | Zot:2    | Reached skill level 5 in Staves
 60551 | Zot:2    | Found a runed translucent gate.
 60551 | Zot:2    | Found a runed translucent gate.
 60553 | Zot:2    | Found a runed translucent gate.
 60557 | Zot:2    | Noticed Emnejil's ghost (master VSBe)
 60625 | Zot:2    | Noticed Grunn
 60629 | Zot:2    | Killed Grunn
 61141 | Zot:2    | Killed Emnejil's ghost
 61520 | Zot:3    | You are sucked into a shaft and drop 1 floor!
 61520 | Zot:4    | Noticed an orb of fire
 61529 | Zot:4    | Killed an orb of fire
 61787 | Zot:3    | Found a transporter.
 61819 | Zot:3    | Found a transporter.
 62786 | Zot:5    | Entered Level 5 of the Realm of Zot
 63280 | Zot:5    | Reached skill level 15 in Shields
 63396 | Zot:5    | Noticed an ancient lich
 63398 | Zot:5    | Killed an ancient lich
 63667 | Zot:5    | Noticed an orb of fire
 63672 | Zot:5    | Killed an orb of fire
 63672 | Zot:5    | Noticed an orb of fire
 63677 | Zot:5    | Killed an orb of fire
 63679 | Zot:5    | Noticed a Killer Klown
 63681 | Zot:5    | Killed a Killer Klown
 63804 | Zot:5    | Noticed a Killer Klown
 63806 | Zot:5    | Killed a Killer Klown
 63818 | Zot:5    | Noticed a Killer Klown
 63820 | Zot:5    | Killed a Killer Klown
 63823 | Zot:5    | Noticed an orb of fire
 63828 | Zot:5    | Killed an ancient lich
 63829 | Zot:5    | Killed an orb of fire
 63832 | Zot:5    | Noticed an ancient lich
 63834 | Zot:5    | Killed an ancient lich
 64126 | Zot:5    | Noticed an ancient lich
 64129 | Zot:5    | Killed an ancient lich
 64135 | Zot:5    | Noticed an orb of fire
 64140 | Zot:5    | Killed an orb of fire
 64153 | Zot:5    | Noticed a dread lich
 64156 | Zot:5    | Killed a dread lich
 64189 | Zot:5    | Killed an ancient lich
 64540 | Zot:5    | Noticed an ancient lich
 64545 | Zot:5    | Killed an ancient lich
 64937 | Hell     | Entered the Vestibule of Hell
 64937 | Hell     | Noticed Geryon
 64942 | Hell     | Killed Geryon
 65104 | Hell     | Found a gateway to the Iron City of Dis.
 65181 | Hell     | Found a gateway to the ashen valley of Gehenna.
 65303 | Hell     | Found a gateway to the freezing wastes of Cocytus.
 65350 | Hell     | Found a gateway to the decaying netherworld of Tartarus.
 65474 | Pan      | Entered Pandemonium
 65752 | Pan      | Reached skill level 1 in Throwing
 65872 | Pan      | Found a huge runed translucent gate.
 65907 | Pan      | Found a huge runed translucent gate.
 65909 | Pan      | Found a huge runed translucent gate.
 66245 | Pan      | Found a huge runed translucent gate.
 66246 | Pan      | Found a huge runed translucent gate.
 66247 | Pan      | Found a huge runed translucent gate.
 66248 | Pan      | Found a huge runed translucent gate.
 66254 | Pan      | Noticed Faturah the pandemonium lord
 66259 | Pan      | Killed Faturah the pandemonium lord
 66567 | Pan      | Noticed Oshet the pandemonium lord
 66570 | Pan      | Killed Oshet the pandemonium lord
 66994 | Pan      | Noticed Hips the pandemonium lord
 66998 | Pan      | Killed Hips the pandemonium lord
 67094 | Pan      | Reached skill level 27 in Spellcasting
 67094 | Pan      | Reached skill level 27 in Conjurations
 67094 | Pan      | Reached skill level 27 in Hexes
 67094 | Pan      | Reached skill level 27 in Summonings
 67094 | Pan      | Reached skill level 27 in Necromancy
 67094 | Pan      | Reached skill level 27 in Translocations
 67094 | Pan      | Reached skill level 27 in Fire Magic
 67094 | Pan      | Reached skill level 27 in Ice Magic
 67094 | Pan      | Reached skill level 27 in Air Magic
 67094 | Pan      | Reached skill level 27 in Earth Magic
 67094 | Pan      | Reached skill level 27 in Alchemy
 67149 | Pan      | Reached skill level 5 in Throwing
 67313 | Pan      | Identified the ring of Jealousy {rPois Str+6 Slay+5}
 67752 | Pan      | Noticed Cammojo the pandemonium lord
 67756 | Pan      | Killed Cammojo the pandemonium lord
 68367 | Pan      | Found an exit through the horrors of the Abyss.
 68434 | Pan      | Noticed Wuidde the pandemonium lord
 68439 | Pan      | Killed Wuidde the pandemonium lord
 68440 | Pan      | Reached skill level 15 in Armour
 68466 | Pan      | Found a transporter.
 68466 | Pan      | Found a transporter.
 68692 | Pan      | Gained mutation: You are frail. (-10% HP) [a neqoxec]
 68932 | Pan      | Identified the ring "Apnar" {Fire rElec Int+2}
 69031 | Pan      | Identified the ring of Gijeulut {rF+ Dex+5}
 69703 | Pan      | Identified the staff of Earthquakes {rF+ Int+4 Fire}
 69720 | Pan      | Identified the +1 hat of Hepliaklqana's Respect {Fly rF+
                  | Will+ Regen+}
 70322 | Pan      | Noticed Meptuis the pandemonium lord
 70324 | Pan      | Reached skill level 15 in Dodging
 70329 | Pan      | Killed Meptuis the pandemonium lord
 70356 | Pan      | Identified the ring "Obakio" {rF+ Str+6 Int+6 SInv}
 70474 | Pan      | Entered the realm of Gloorx Vloq.
 71628 | Pan      | Identified the +3 scale mail of Tortelloni {+Inv rC++ Will-
                  | Int+3}
 71681 | Pan      | Noticed Gloorx Vloq
 71689 | Pan      | Killed Gloorx Vloq
 71716 | Pan      | Got a dark rune of Zot
 72078 | Pan      | Noticed Bufito Nuunk the pandemonium lord
 72083 | Pan      | Killed Bufito Nuunk the pandemonium lord
 72447 | Pan      | Noticed Qurphax the pandemonium lord
 72449 | Pan      | Killed Qurphax the pandemonium lord
 72522 | Pan      | Entered the realm of Lom Lobon.
 72522 | Pan      | Noticed Lom Lobon
 72531 | Pan      | Killed Lom Lobon
 72649 | Pan      | Got a magical rune of Zot
 73058 | Pan      | Reached skill level 15 in Evocations
 73514 | Pan      | Noticed Diockukk the pandemonium lord
 73517 | Pan      | Killed Diockukk the pandemonium lord
 73666 | Pan      | Found an exit through the horrors of the Abyss.
 73711 | Pan      | Noticed Dalixadd the pandemonium lord
 73715 | Pan      | Killed Dalixadd the pandemonium lord
 73752 | Pan      | Entered the realm of Cerebov.
 73917 | Pan      | Found the +6 sword of Cerebov {flame}
 73917 | Pan      | Noticed Cerebov
 73936 | Pan      | Killed Cerebov
 73985 | Pan      | Identified the +12 battleaxe of Equivalence {freeze, rPois
                  | rN++ Str+4}
 74047 | Pan      | Identified the ring "Rathrace" {rN+ Will+ rCorr Slay-3}
 74067 | Pan      | Identified the amulet "Zelaojyn" {rF+ rC- Regen+ Int+7
                  | Stlth+}
 74070 | Pan      | Identified the staff of Valour {rPois MP+9 Int+5 Alchemy}
 74071 | Pan      | Identified the +9 spear of the Grave {freeze, +Blink rF+}
 74072 | Pan      | Identified the serpent talisman of Fortitude {Int+3}
 74094 | Pan      | Identified the +0 spear of Evil {heavy, ^Contam rN++ Int+3}
 74117 | Pan      | Got a fiery rune of Zot
 74180 | Pan      | Found an exit through the horrors of the Abyss.
 74634 | Pan      | Noticed Zigybb the pandemonium lord
 74637 | Pan      | Killed Zigybb the pandemonium lord
 74940 | Pan      | Noticed Ofaun the pandemonium lord
 74943 | Pan      | Killed Ofaun the pandemonium lord
 75311 | Pan      | Found an exit through the horrors of the Abyss.
 75640 | Pan      | Found an opulent altar of Gozag.
 75654 | Pan      | Found Tokounam's Exquisite Manuscripts.
 75693 | Pan      | Noticed Tokounam the pandemonium lord
 75699 | Pan      | Killed Tokounam the pandemonium lord
 75711 | Pan      | Found an opulent altar of Gozag.
 75742 | Pan      | Found Tokounam's Superb Hardware.
 75752 | Pan      | Found an opulent altar of Gozag.
 75760 | Pan      | Found Tokounam's Infernal Boutique.
 75772 | Pan      | Found Tokounam's Demonic Rune Bin.
 75783 | Pan      | Bought a demonic rune of Zot for 5880 gold pieces
 75819 | Pan      | Bought a scroll of enchant armour for 120 gold pieces
 75819 | Pan      | Bought a scroll of revelation for 120 gold pieces
 75819 | Pan      | Bought a scroll of enchant weapon for 120 gold pieces
 75819 | Pan      | Bought a scroll of revelation for 120 gold pieces
 75819 | Pan      | Bought 2 scrolls of teleportation for 96 gold pieces
 76104 | Pan      | Found an exit through the horrors of the Abyss.
 76105 | Pan      | Gained mutation: You occasionally lose the ability to drink
                  | potions when taking damage. [a cacodemon]
 76116 | Pan      | Noticed Hiris the pandemonium lord
 76118 | Pan      | Killed Hiris the pandemonium lord
 76152 | Pan      | Entered the realm of Mnoleg.
 76192 | Pan      | Noticed Mnoleg
 76199 | Pan      | Killed Mnoleg
 76412 | Pan      | Got a glowing rune of Zot
 76659 | Pan      | Found an exit through the horrors of the Abyss.
 76880 | Pan      | Found a runed translucent door.
 76915 | Pan      | Reached skill level 27 in Fighting
 77037 | Pan      | Noticed Wemedeca the pandemonium lord
 77039 | Pan      | Killed Wemedeca the pandemonium lord
 77507 | Pan      | Noticed Suetwak the pandemonium lord
 77517 | Pan      | Killed Suetwak the pandemonium lord
 77563 | Pan      | Identified the +5 scale mail "Jutiuk" {rN+ Dex+7}
 77571 | Pan      | Identified the +5 shortbow "Tamivax" {antimagic, +Blink
                  | rPois rF+ Dex+2}
 77845 | Pan      | Found an exit through the horrors of the Abyss.
 78419 | Pan      | Found a white marble altar of Elyvilon.
 78594 | Pan      | Identified the +7 falchion "Boaptagu" {drain, Stlth+}
 78779 | Pan      | Identified the +1 chain mail of the King of the Hill {Will+
                  | Int-5 Slay+4 SInv}
 78816 | Pan      | Found a glowing silver altar of Zin.
 79282 | Pan      | Identified the ring "Vonuupp" {rF+++ rN+ Str-4 Dex+3}
 79282 | Pan      | Noticed a seraph
 79286 | Pan      | Killed a seraph
 79288 | Pan      | Identified the ring "Veklistre" {MP+9 Dex+6 Slay-2 SInv}
 79305 | Pan      | Identified the +5 shortbow of Prudence {heavy, rN++}
 79433 | Pan      | Found a glowing golden altar of the Shining One.
 79442 | Pan      | Identified the staff of Equilibrium {rElec rF+ Air}
 79447 | Pan      | Identified the ring of Lizaxeu {rPois MP+9}
 80289 | Depths:2 | Escaped Pandemonium
 80290 | Depths:2 | Lost mutation: You are frail. (-10% HP) [potion of
                  | mutation]
 80290 | Depths:2 | Lost mutation: You occasionally lose the ability to drink
                  | potions when taking damage. [potion of mutation]
 80290 | Depths:2 | Lost mutation: Your mind is acute. (Int +4, Str/Dex -1)
                  | [potion of mutation]
 80290 | Depths:2 | Gained mutation: You have a pair of small antennae on your
                  | head. [potion of mutation]
 80290 | Depths:2 | Gained mutation: Your spells are a little easier to cast,
                  | but a little less powerful. [potion of mutation]
 80290 | Depths:2 | Gained mutation: You possess an exceptional clarity of
                  | mind. [potion of mutation]
 80383 | Coc:1    | Entered Level 1 of Cocytus
 80479 | Coc:3    | Noticed a shard shrike
 80481 | Coc:3    | Killed a shard shrike
 80481 | Coc:3    | Noticed a shard shrike
 80484 | Coc:3    | Killed a shard shrike
 80560 | Coc:5    | Noticed a shard shrike
 80562 | Coc:5    | Noticed a shard shrike
 80563 | Coc:5    | Killed a shard shrike
 80563 | Coc:5    | Killed a shard shrike
 80565 | Coc:5    | Noticed a shard shrike
 80566 | Coc:5    | Killed a shard shrike
 80566 | Coc:5    | Noticed a shard shrike
 80567 | Coc:5    | Killed a shard shrike
 80568 | Coc:5    | Noticed a shard shrike
 80568 | Coc:5    | Noticed a shard shrike
 80571 | Coc:5    | Killed a shard shrike
 80572 | Coc:5    | Noticed a shard shrike
 80573 | Coc:5    | Killed a shard shrike
 80573 | Coc:5    | Killed a shard shrike
 80575 | Coc:5    | Noticed a shard shrike
 80576 | Coc:5    | Killed a shard shrike
 80745 | Coc:6    | Noticed a shard shrike
 80745 | Coc:6    | Noticed a shard shrike
 80745 | Coc:6    | Noticed a shard shrike
 80745 | Coc:6    | Noticed a shard shrike
 80746 | Coc:6    | Noticed a shard shrike
 80747 | Coc:6    | Killed a shard shrike
 80747 | Coc:6    | Killed a shard shrike
 80869 | Hell     | Killed a shard shrike
 80869 | Hell     | Killed a shard shrike
 81768 | Coc:6    | Killed a shard shrike
 81791 | Coc:7    | Entered Level 7 of Cocytus
 81791 | Coc:7    | Noticed a shard shrike
 81793 | Coc:7    | Killed a shard shrike
 81835 | Coc:7    | Paralysed by a wendigo for 1 turns
 81840 | Coc:7    | Noticed a shard shrike
 81843 | Coc:7    | Killed a shard shrike
 81916 | Coc:7    | Noticed a shard shrike
 81921 | Coc:7    | Killed a shard shrike
 81921 | Coc:7    | Noticed the Serpent of Hell
 81933 | Coc:7    | Killed the Serpent of Hell
 81968 | Coc:7    | Noticed a shard shrike
 81972 | Coc:7    | Noticed a shard shrike
 81972 | Coc:7    | Noticed a shard shrike
 81973 | Coc:7    | Killed a shard shrike
 81974 | Coc:7    | Killed a shard shrike
 81991 | Coc:7    | Noticed a shard shrike
 81993 | Coc:7    | Killed a shard shrike
 82010 | Coc:7    | Noticed a shard shrike
 82041 | Coc:7    | Noticed a shard shrike
 82044 | Coc:7    | Killed a shard shrike
 82059 | Coc:7    | Killed a shard shrike
 82069 | Coc:7    | Noticed a shard shrike
 82075 | Coc:7    | Killed a shard shrike
 82112 | Coc:7    | Killed a shard shrike
 82198 | Coc:7    | Noticed a shard shrike
 82200 | Coc:7    | Noticed a shard shrike
 82203 | Coc:7    | Killed a shard shrike
 82208 | Coc:7    | Killed a shard shrike
 82211 | Coc:7    | Noticed a shard shrike
 82217 | Coc:7    | Killed a shard shrike
 82220 | Coc:7    | Noticed a shard shrike
 82222 | Coc:7    | Killed a shard shrike
 82287 | Coc:7    | Identified the +9 shortbow of Muffowne {speed, Fly rPois
                  | rCorr Stlth-}
 82437 | Coc:7    | Noticed a shard shrike
 82441 | Coc:7    | Killed a shard shrike
 82449 | Coc:7    | Noticed a shard shrike
 82456 | Coc:7    | Killed a shard shrike
 82470 | Coc:7    | Noticed a shard shrike
 82472 | Coc:7    | Killed a shard shrike
 82510 | Coc:7    | Noticed Antaeus
 82519 | Coc:7    | Killed Antaeus
 82533 | Coc:7    | Got an icy rune of Zot
 82717 | Dis:1    | Entered Level 1 of the Iron City of Dis
 82943 | Dis:2    | You are sucked into a shaft and drop 1 floor!
 83734 | Dis:3    | Reached skill level 10 in Polearms
 84080 | Dis:6    | Noticed a dread lich
 84093 | Dis:6    | Killed a dread lich
 84295 | Dis:7    | Entered Level 7 of the Iron City of Dis
 84655 | Dis:7    | Noticed a juggernaut
 84660 | Dis:7    | Killed a juggernaut
 84681 | Dis:7    | Noticed Dispater
 84689 | Dis:7    | Killed Dispater
 84704 | Dis:7    | Got an iron rune of Zot
 84937 | Dis:7    | Noticed a juggernaut
 84940 | Dis:7    | Killed a juggernaut
 84941 | Dis:7    | Reached skill level 15 in Polearms
 84948 | Dis:7    | Noticed a juggernaut
 84950 | Dis:7    | Killed a juggernaut
 85248 | Dis:7    | Identified the staff of Infection {^Contam rN+ Dex+3 Stlth+
                  | Earth}
 85518 | Dis:7    | Identified the ring "Watuum" {rF+ rN+ Dex+3}
 85757 | Geh:1    | Entered Level 1 of Gehenna
 86415 | Geh:5    | You are sucked into a shaft and drop 1 floor!
 86540 | Geh:7    | Entered Level 7 of Gehenna
 87465 | Geh:7    | Found the amulet of the Air {Inacc Air Fly rElec RMsl}
 87545 | Geh:7    | Found the +13 sceptre of Asmodeus
 87545 | Geh:7    | Noticed Asmodeus
 87568 | Geh:7    | Killed Asmodeus
 87606 | Geh:7    | Identified the dragon-blood talisman of Inference {SInv}
 87608 | Geh:7    | Identified the ring "Heguann" {Will+ SInv}
 87616 | Geh:7    | Identified the orb of the Trombone {guile, rPois Str+2}
 87621 | Geh:7    | Identified the ring "Naonat" {Fly rC++ Str-5 Int+6 Stlth+}
 87636 | Geh:7    | Got an obsidian rune of Zot
 87642 | Geh:7    | Identified the +9 shortbow "Suecu" {flame, +Blink rN+ Will+
                  | Dex+3}
 87878 | Tar:1    | Entered Level 1 of Tartarus
 88245 | Tar:4    | You are sucked into a shaft and drop 2 floors!
 88250 | Tar:7    | Entered Level 7 of Tartarus
 88253 | Tar:7    | Noticed a dread lich
 88262 | Tar:7    | Killed a dread lich
 88346 | Tar:7    | Noticed an ancient lich
 88348 | Tar:7    | Killed an ancient lich
 88491 | Tar:7    | Identified the ring of Divine Compulsion {rElec rPois Dex-2
                  | Slay+4}
 88499 | Tar:7    | Identified the +8 falchion "Beiranan" {freeze, rC+ rCorr
                  | Stlth+}
 88711 | Tar:7    | Noticed a dread lich
 88715 | Tar:7    | Killed a dread lich
 88773 | Tar:7    | Identified the +8 scimitar of Truth {antimagic, rF+ Str+4}
 89453 | Tar:7    | Found the +10 dark maul {heavy}
 89562 | Tar:7    | Identified the +7 ice dragon scales of Qaostin {rF- rC++
                  | SInv}
 89740 | Tar:7    | Noticed Ereshkigal
 89746 | Tar:7    | Killed Ereshkigal
 89788 | Tar:7    | Got a bone rune of Zot
 90326 | Zig:1    | Entered Level 1 of a ziggurat
 90352 | Zig:2    | Entered Level 2 of a ziggurat
 90369 | Zig:3    | Entered Level 3 of a ziggurat
 90393 | Zig:4    | Entered Level 4 of a ziggurat
 90397 | Zig:4    | Identified the +1 buckler of Fedhas's Displeasure {SInv}
 90451 | Zig:5    | Entered Level 5 of a ziggurat
 90472 | Zig:5    | Identified the +7 scimitar of Fate {flame, rF++}
 90475 | Zig:5    | Identified the +3 orcbow "Ismab" {heavy, Int+6}
 90483 | Zig:6    | Entered Level 6 of a ziggurat
 90490 | Zig:6    | Found the +6 arbalest "Damnation" {damnation}
 90517 | Zig:7    | Entered Level 7 of a ziggurat
 90649 | Zig:7    | Identified the ring "Gesho" {Ice rElec rCorr}
 90659 | Zig:8    | Entered Level 8 of a ziggurat
 90802 | Zig:9    | Entered Level 9 of a ziggurat
 90939 | Zig:9    | Reached skill level 5 in Stealth
 90942 | Zig:9    | Identified the +8 spear "Kusor" {speed, Will+}
 90949 | Zig:10   | Entered Level 10 of a ziggurat
 90970 | Zig:10   | Identified the amulet "Punaupnu" {Acrobat rF+ rC- Dex+4}
 90974 | Zig:10   | Identified the staff of the Eight Visionaries {*Slow Fly
                  | rPois rF+ rC+ Fire}
 90999 | Zig:11   | Entered Level 11 of a ziggurat
 91009 | Zig:11   | Noticed a royal mummy
 91012 | Zig:11   | Killed a royal mummy
 91012 | Zig:11   | Noticed a dread lich
 91015 | Zig:11   | Noticed a royal mummy
 91017 | Zig:11   | Killed a dread lich
 91018 | Zig:11   | Killed a royal mummy
 91098 | Zig:11   | Identified the staff "Kibbaugg" {Fly Conj}
 91105 | Zig:12   | Entered Level 12 of a ziggurat
 91114 | Zig:12   | Found the +7 mace of Variability {chaos, chaos arc}
 91143 | Zig:12   | Found the +3 robe of Clouds {*Thunder rCloud rElec}
 91151 | Zig:12   | Identified the +0 scale mail "Ewnoeh" {rCorr}
 91160 | Zig:12   | Identified the +1 robe of Love and Death {*Corrode rPois
                  | Str+2}
 91171 | Zig:13   | Entered Level 13 of a ziggurat
 91230 | Zig:13   | Identified a scroll of acquirement
 91240 | Zig:13   | Acquired the +1 pair of gloves of Dramatic Exits {*Corrode
                  | rPois Regen+ Str+4}
 91255 | Zig:13   | Identified the +2 pair of gloves of Qazlal's Favour {rF+
                  | rN+}
 91267 | Zig:13   | Identified the staff "Z" {Str+4 Dex+3 Earth}
 91274 | Zig:13   | Identified the staff of the Ten Defenders {rElec Will+
                  | rCorr Stlth+ Summ Air}
 91282 | Zig:14   | Entered Level 14 of a ziggurat
 91425 | Zig:14   | Found the amulet of the Four Winds {rN+ Will+++ Clar}
 91428 | Zig:14   | Identified the +5 broad axe "Kixtenecka" {holy, ^Drain rF+
                  | Will+ Dex+3}
 91436 | Zig:14   | Identified the +3 shadow dragon scales of the Circus Animal
                  | {rElec Stlth++++}
 91437 | Zig:14   | Identified the +1 quarterstaff "Isaokkacsi" {spect, Dex+3}
 91444 | Zig:14   | Identified the ring "Cuhe" {^Contam Will++ Dex+6}
 91461 | Zig:15   | Entered Level 15 of a ziggurat
 91466 | Zig:15   | Noticed a dread lich
 91467 | Zig:15   | Noticed a dread lich
 91467 | Zig:15   | Noticed a dread lich
 91468 | Zig:15   | Killed a dread lich
 91469 | Zig:15   | Noticed a dread lich
 91471 | Zig:15   | Killed a dread lich
 91472 | Zig:15   | Noticed a dread lich
 91473 | Zig:15   | Noticed an ancient lich
 91476 | Zig:15   | Killed a dread lich
 91476 | Zig:15   | Killed a dread lich
 91477 | Zig:15   | Killed a dread lich
 91477 | Zig:15   | Killed an ancient lich
 91477 | Zig:15   | Noticed an ancient lich
 91478 | Zig:15   | Reached skill level 27 in Shields
 91480 | Zig:15   | Killed an ancient lich
 91519 | Zig:15   | Identified the staff of Distant Worlds {rF+ rC+ Fire}
 91538 | Zig:16   | Entered Level 16 of a ziggurat
 91538 | Zig:16   | Noticed a royal mummy
 91544 | Zig:16   | Killed a royal mummy
 91620 | Zig:16   | Noticed a dread lich
 91624 | Zig:16   | Killed a dread lich
 91736 | Zig:16   | Found the +8 trishula "Condemnation" {holy, anguish, *Noise
                  | Fly rN+}
 91762 | Zig:16   | Identified the +8 rapier of Fuonlet {distort, rElec rPois}
 91768 | Zig:16   | Identified the +0 leather armour of the Sharp God {Int-3
                  | Dex+3}
 91785 | Zig:17   | Entered Level 17 of a ziggurat
 91837 | Zig:17   | Identified the staff "Ynuisosis" {rC+ rN+ Necro}
 91843 | Zig:17   | Identified the +2 spear "Fetiasi" {flame, rN+ Will++ Str-4
                  | Int+4}
 91849 | Zig:17   | Identified the +0 scale mail of the Iron Devil {Regen+
                  | Int+5}
 91855 | Zig:18   | Entered Level 18 of a ziggurat
 91865 | Zig:18   | Noticed a shard shrike
 91867 | Zig:18   | Killed a shard shrike
 91873 | Zig:18   | Noticed a shard shrike
 91875 | Zig:18   | Killed a shard shrike
 91890 | Zig:18   | Identified the +3 rapier "Kobroosh" {freeze, ^Contam Int+4}
 91920 | Zig:18   | Identified the +7 hand axe of Ninig {flame, rPois}
 91937 | Zig:19   | Entered Level 19 of a ziggurat
 91943 | Zig:19   | Noticed Mojoaz's ghost (legendary GrFi)
 91948 | Zig:19   | Noticed Mojoaz's ghost (legendary GrFi)
 91952 | Zig:19   | Noticed Mojoaz's ghost (legendary GrFi)
 91952 | Zig:19   | Noticed Mojoaz's ghost (legendary GrFi)
 91953 | Zig:19   | Noticed Mojoaz's ghost (legendary GrFi)
 91956 | Zig:19   | Killed Mojoaz's ghost
 91956 | Zig:19   | Noticed Mojoaz's ghost (legendary GrFi)
 91956 | Zig:19   | Noticed Mojoaz's ghost (legendary GrFi)
 91956 | Zig:19   | Noticed Mojoaz's ghost (legendary GrFi)
 91956 | Zig:19   | Noticed Mojoaz's ghost (legendary GrFi)
 91962 | Zig:19   | Noticed Mojoaz's ghost (legendary GrFi)
 91963 | Zig:19   | Killed Mojoaz's ghost
 91976 | Zig:19   | Killed Mojoaz's ghost
 91976 | Zig:19   | Killed Mojoaz's ghost
 91977 | Zig:19   | Killed Mojoaz's ghost
 91983 | Zig:19   | Killed Mojoaz's ghost
 91984 | Zig:19   | Killed Mojoaz's ghost
 91984 | Zig:19   | Killed Mojoaz's ghost
 91986 | Zig:19   | Killed Mojoaz's ghost
 91995 | Zig:19   | Killed Mojoaz's ghost
 92013 | Zig:19   | Identified the ring of Qadac {*Slow rC+ Will+ MP+9 SInv}
 92020 | Zig:19   | Identified the staff of the Six Ultimatums {rF+++ rC+ Str+5
                  | Int-3 Ice}
 92032 | Zig:19   | Acquired 1144 gold pieces
 92039 | Zig:19   | Identified the amulet of Owoyc {RegenMP rPois rF- rCorr
                  | Dex+2}
 92050 | Zig:19   | Identified the +4 hand axe "Zokk" {flame, +Blink Int+4}
 92059 | Zig:19   | Identified the staff of Upierij {rElec rC++ Air}
 92069 | Zig:20   | Entered Level 20 of a ziggurat
 92121 | Zig:20   | Found the +8 trident of the Octopus King {venom, rElec
                  | rPois}
 92139 | Zig:20   | Identified the staff "Usosuw" {rElec SInv Air}
 92142 | Zig:20   | Identified the +5 arbalest "Wesuzxim" {antimagic, Will+}
 92164 | Depths:3 | Lost mutation: You possess an exceptional clarity of mind.
                  | [potion of mutation]
 92164 | Depths:3 | Lost mutation: Your spells are a little easier to cast, but
                  | a little less powerful. [potion of mutation]
 92164 | Depths:3 | Gained mutation: You are resistant to electric shocks.
                  | (rElec) [potion of mutation]
 92164 | Depths:3 | Gained mutation: You are strong-willed. (Will+) [potion of
                  | mutation]
 92164 | Depths:3 | Gained mutation: You are partially covered in iridescent
                  | scales. (AC +2) [potion of mutation]
 92164 | Depths:3 | Gained mutation: Your spells are a little harder to cast,
                  | but a little more powerful. [potion of mutation]
 92830 | Tomb:1   | Entered Level 1 of the Tomb of the Ancients
 93273 | Tomb:1   | Noticed a royal mummy
 93275 | Tomb:1   | Killed a royal mummy
 93765 | Tomb:2   | Noticed a royal mummy
 93767 | Tomb:2   | Noticed a royal mummy
 93770 | Tomb:2   | Killed a royal mummy
 93773 | Tomb:2   | Killed a royal mummy
 93782 | Tomb:2   | Noticed a royal mummy
 93782 | Tomb:2   | Noticed a royal mummy
 93784 | Tomb:2   | Killed a royal mummy
 93785 | Tomb:2   | Killed a royal mummy
 93786 | Tomb:2   | Noticed a royal mummy
 93788 | Tomb:2   | Killed a royal mummy
 93794 | Tomb:2   | Noticed Boris
 93798 | Tomb:2   | Killed Boris
 94207 | Tomb:1   | Noticed a royal mummy
 94207 | Tomb:1   | Noticed a royal mummy
 94207 | Tomb:1   | Noticed a royal mummy
 94208 | Tomb:1   | Noticed a royal mummy
 94208 | Tomb:1   | Noticed a royal mummy
 94209 | Tomb:1   | Killed a royal mummy
 94209 | Tomb:1   | Killed a royal mummy
 94209 | Tomb:1   | Killed a royal mummy
 94211 | Tomb:1   | Killed a royal mummy
 94212 | Tomb:1   | Noticed a royal mummy
 94213 | Tomb:1   | Noticed a royal mummy
 94214 | Tomb:1   | Killed a royal mummy
 94214 | Tomb:1   | Killed a royal mummy
 94217 | Tomb:1   | Killed a royal mummy
 94227 | Tomb:1   | Noticed a royal mummy
 94230 | Tomb:1   | Killed a royal mummy
 94277 | Tomb:1   | Noticed a royal mummy
 94280 | Tomb:1   | Killed a royal mummy
 94308 | Tomb:1   | Noticed a royal mummy
 94310 | Tomb:1   | Killed a royal mummy
 94312 | Tomb:1   | Noticed a royal mummy
 94314 | Tomb:1   | Killed a royal mummy
 94397 | Tomb:1   | Noticed a royal mummy
 94398 | Tomb:1   | Noticed a royal mummy
 94400 | Tomb:1   | Killed a royal mummy
 94400 | Tomb:1   | Killed a royal mummy
 94402 | Tomb:1   | Noticed a royal mummy
 94405 | Tomb:1   | Noticed a royal mummy
 94406 | Tomb:1   | Killed a royal mummy
 94406 | Tomb:1   | Killed a royal mummy
 94411 | Tomb:1   | Noticed a royal mummy
 94414 | Tomb:1   | Killed a royal mummy
 94489 | Tomb:1   | Noticed a royal mummy
 94489 | Tomb:1   | Noticed a royal mummy
 94489 | Tomb:1   | Noticed a royal mummy
 94491 | Tomb:1   | Killed a royal mummy
 94491 | Tomb:1   | Killed a royal mummy
 94493 | Tomb:1   | Killed a royal mummy
 94545 | Tomb:1   | Noticed a royal mummy
 94551 | Tomb:1   | Killed a royal mummy
 94556 | Tomb:1   | Noticed a royal mummy
 94559 | Tomb:1   | Killed a royal mummy
 94571 | Tomb:1   | Noticed a royal mummy
 94574 | Tomb:1   | Killed a royal mummy
 94581 | Tomb:1   | Noticed a royal mummy
 94583 | Tomb:1   | Killed a royal mummy
 94620 | Tomb:1   | Noticed a royal mummy
 94623 | Tomb:1   | Killed a royal mummy
 94906 | Tomb:3   | Entered Level 3 of the Tomb of the Ancients
 94914 | Tomb:3   | Noticed a royal mummy
 94917 | Tomb:3   | Noticed a royal mummy
 94919 | Tomb:3   | Killed a royal mummy
 94929 | Tomb:3   | Noticed a royal mummy
 94930 | Tomb:3   | Killed a royal mummy
 94930 | Tomb:3   | Killed a royal mummy
 94935 | Tomb:3   | Killed a royal mummy
 94965 | Tomb:3   | Killed a royal mummy
 94968 | Tomb:3   | Noticed a royal mummy
 94969 | Tomb:3   | Killed a royal mummy
 94977 | Tomb:3   | Noticed a royal mummy
 94979 | Tomb:3   | Killed a royal mummy
 95005 | Tomb:3   | Noticed a royal mummy
 95006 | Tomb:3   | Killed a royal mummy
 95045 | Tomb:3   | Noticed a royal mummy
 95047 | Tomb:3   | Killed a royal mummy
 95524 | Tomb:3   | Identified the +6 short sword "Zolureom" {protect, Int+4}
 95533 | Tomb:3   | Got a golden rune of Zot
 95639 | Tomb:3   | Identified the +10 shortbow of Souroruj {drain, rF- Str+4
                  | SInv}
 95646 | Tomb:3   | Identified the ring "Buebi" {rElec rPois Dex-3 Stlth+}
 95665 | Tomb:3   | Identified the +5 shortbow of an ossuary {freeze, rPois rF+
                  | rCorr Dex-4}
 96399 | Zot:5    | Got the Orb of Zot
 96965 | D:$      | Escaped with the Orb!

Illustrated notes

Levels and vault maps discovered:
D:1:      nicolae_arrival_washed_ashore, layout_loops_cross,
          nicolae_ecumenical_snake_handling
D:2:      kennysheep_big_flooded_room, layout_loops_ring,
          kennysheep_generic_room_10
D:3:      layout_basic, nemelex_diamond_rough_becter, mrwooster_statue_mirror,
          nicolae_grassy_gnolls
D:4:      kennysheep_six_static_rooms, layout_loops_ring,
          minmay_temple_entry_antechambers, minmay_pentangle, uniq_edmund
D:5:      layout_loops_ring, lemuel_doored_altar, nicolae_eternal_life,
          grunt_ministairs_5, uniq_duvessa
D:6:      layout_layer_cave, minitemple, uniq_grinder, uniq_jeremiah
D:7:      layout_rooms, mainiacjoe_overflow_alcove_1,
          mainiacjoe_overflow_six_doors_small
D:8:      layout_cave_pools, serial_shops, nicolae_shop_just_a_little_nook,
          amcnicky_mini_rare_corridor_liquid, kennysheep_another_room,
          nicolae_elevator_lobby_asterisk, uniq_pikel
D:9:      layout_cave_pools, okawaru_humans, kennysheep_cross_room
D:10:     layout_stronghold, dancing_weapons_uskayaw,
          mainiacjoe_overflow_catwalk, minmay_lair_entry_lava
D:11:     layout_roguey, minmay_orc_entry_guard_dogs, uniq_nergalle, uniq_snorg
D:12:     layout_stronghold, portal_ice_cave_entry_ice_simulacra,
          nicolae_kikubaaqudgha_miasma_corner
D:13:     minmay_separated_statues, layout_long_grid, serial_demonic,
          serial_demonic_d, serial_demonic_d, serial_demonic_d,
          serial_demonic_b, serial_demonic_b, serial_demonic_e, uniq_kirke,
          uniq_nessos, uniq_sonja
D:14:     layout_roguey, hangedman_vaults_entry_quadrant_bands,
          nicolae_dithmenos_the_darkroom, minmay_circle_x
D:15:     gammafunk_enter_depths_forms, layout_rooms,
          nicolae_twisty_statue_hallways, vehumet_crystals
Temple:   nicolae_temple_godzebo
Lair:1:   layout_big_grid
Lair:2:   layout_cave_pods, minmay_shoals_entry_beasts,
          alex1729_snake_entry_snake, grunt_megastairs_2
Lair:3:   layout_gridlike, lemuel_old_faithful, serial_bayou_shore_a
Lair:4:   layout_long_grid, serial_bayou_pond_a, lemuel_fruit_tree,
          infiniplex_staircase_pool_2, grunt_megastairs_3
Lair:5:   evilmike_catoblepas_cave, layout_hall_layers,
          nicolae_slime_entry_slimehenge
Shoals:1: nicolae_shoals_aurelia_aurita, layout_shoals, serial_shops,
          nicolae_shop_tiny_real_fake_doors
Shoals:2: layout_shoals, nicolae_island_escapes
Shoals:3: nicolae_shoals_mermall, layout_shoals, uniq_polyphemus,
          uniq_bai_suzhen
Shoals:4: shoals_end_grunt_ice, layout_shoals,
          nicolae_shoals_beach_house_on_fowls_legs
Snake:1:  layout_layer_cave
Snake:2:  layout_honeycomb, basic_altar, uniq_agnes
Snake:3:  layout_grid_shapes, minmay_shoptagon, grunt_megastairs_5,
          uniq_vashnia, uniq_mlioglotl, uniq_roxanne, uniq_jorgrun, uniq_mara
Snake:4:  grunt_snake_rune_serpentine_throne, layout_cave_town, serial_shops,
          nicolae_shop_crystal, basic_altar, grunt_ministairs_2,
          nicolae_custom_books, serial_library_hellmonk_hallway_b
Slime:1:  layout_caves, cheibrodos_slime_lost_civilization_4
Slime:2:  layout_caves
Slime:3:  layout_caves
Slime:4:  layout_caves
Slime:5:  slime_pit_nicolae_jellycorners, uniq_dissolution
Orc:1:    layout_diamond_mine
Orc:2:    hellmonk_orc_salted, layout_caves
Elf:1:    layout_gridlike, serial_shops, shop, minivault_28,
          serial_sigils_hangedman_carve, drop_trap,
          serial_sigils_hangedman_scar, lemuel_upstairs_altar
Elf:2:    nicolae_elf_blades_splatter_lattice
          [nicolae_blade_entry_hurt_lockers], layout_loops_ring, serial_shops,
          nicolae_shop_hallway_stairs, nicolae_trove_entry_crossroad,
          minmay_shop_star
Elf:3:    elf_hall_gauntlet_narrow, layout_geoelf_castle, serial_shops,
          nicolae_shop_industrial_runoff
Vaults:1: vaults_dpeg_doors, vaults_dpeg_hooks, nicolae_vaults_lightning_bolt,
          grunt_vaults_hallway_long, grunt_vaults_diagonal,
          ontoclasm_vaults_ligature, vaults_room_ringed_pool,
          hangedman_vaults_stitches, v_misc_26, nicolae_vaults_tangram_1,
          hangedman_vaults_slice, nicolae_vaults_storage_room_water,
          nicolae_vaults_shock_wave, grunt_vaults_focal, layout_vaults_big_room,
          serial_shops, shop, uniq_aizul, uniq_nikola, uniq_boris
Vaults:2: ebering_ghost_disaster_area, vaults_standard_mumra_lines, v_rooms_5,
          nicolae_vaults_network_periphery, nicolae_vaults_diffraction_hallways,
          nicolae_vaults_heart-shaped_vault, grunt_vaults_hallway_long,
          nicolae_vaults_twisting_passages,
          nicolae_vaults_offset_grid_hallway_3,
          nicolae_vaults_offset_grid_hallway_3,
          nicolae_vaults_taking_the_gang_shopping, nicolae_vaults_prndl,
          nicolae_vaults_prndl, nicolae_vaults_cochlea, layout_vaults_maze,
          uniq_mennas
Vaults:3: ebering_ghost_xom, hangedman_vaults_impose, nicolae_vaults_octothorpe,
          dpeg_vaults_hating_casters, nicolae_vaults_big_angled_halls,
          nicolae_vaults_network_square, nicolae_vaults_little_ls,
          ontoclasm_vaults_tryst, nicolae_vaults_triangles,
          nicolae_vaults_six-pack, minmay_crypt_entry_simple_walls,
          nicolae_vaults_ring_of_whatevers, ontoclasm_vaults_decontamination,
          nicolae_vaults_apartment_2, vaults_dpeg_ring, layout_vaults_ring
Vaults:4: nicolae_vaults_apartment_1, nicolae_vaults_house_1,
          vaults_mumra_chevron, v_misc_29, nicolae_vaults_storage_room_glass,
          vaults_mumra_hexcomb, dpeg_vaults_monster_box, layout_vaults_omnigrid,
          uniq_jory
Vaults:5: serial_shops
Crypt:1:  layout_regular_city, serial_co_window_serial, co_window_paths_a,
          co_window_paths_a, co_window_cross_1, co_window_corner_a,
          co_window_corner_a, co_window_of_opportunity_c, co_window_broadway_c,
          co_window_of_opportunity_b, co_window_paths_c, co_window_4corner_b,
          glass_columns_b, glass_columns_a, glass_columns_b, glass_columns_c,
          glass_columns_a
Crypt:2:  layout_misc_corridors, mu_enter_wizlab_5, uniq_vv, uniq_khufu
Crypt:3:  grunt_crypt_end_deaths_head
Tomb:1
Tomb:2
Tomb:3
Depths:1: evilmike_hourglass, layout_basic, hell_entry, st_stairs_11,
          nicolae_transmutations_shop, grunt_decor_one_mirror,
          grunt_megastairs_4
Depths:2: lemuel_troll_bridge, layout_gridlike, hangedman_decor_growths,
          hell_entry, pan_entry, minmay_misc_feat_square,
          infiniplex_staircase_x, firewood_loft, uniq_sojobo
Depths:3: minmay_slanted_spiral_squares, layout_gridville, enter_ziggurat_e,
          hangedman_coc_ice_floe, hangedman_abyss_entry_splay,
          nicolae_ru_sacrificial_ziggurat, uniq_enchantress, uniq_parghit
Depths:4: evilmike_zot_entry_hall, layout_gridlike,
          chequers_serial_rivers_small_3, pf_vacation_house_of_asmodeus,
          chequers_serial_rivers_small_a, columned_hall_lemuel,
          hangedman_decor_diamond_cutter, kilobyte_rumbling_trees,
          uniq_frederick
Hell
Dis:1:    layout_gridville
Dis:2:    layout_jigsaw, nicolae_hells_hurtin_island
Dis:3:    layout_subdivisions
Dis:4:    layout_regular_city, nicolae_dis_distal_crystal
Dis:5:    layout_subdivisions, nicolae_hells_fiendish_ambush
Dis:6:    nicolae_dis_big_iron_x
Dis:7:    dis_hangedman
Geh:1:    layout_gehenna_lava_caves
Geh:2:    layout_gehenna_pools_basic, lemuel_hellion_isle
Geh:3:    layout_gehenna_pools_triple
Geh:4:    layout_gehenna_pools_triple
Geh:5:    nicolae_geh_split_lavaduct, layout_gehenna_pools_triple
Geh:6:    layout_gehenna_pools_triple
Geh:7:    geh_mu
Coc:1:    layout_ice_bergs
Coc:2:    layout_cocytus_water_paths
Coc:3:    layout_ice_bergs
Coc:4:    layout_ice_bergs
Coc:5:    nooodl_cocytus_jagged_cave
Coc:6:    layout_cocytus_delve
Coc:7:    coc_grunt
Tar:1:    layout_grid_maze
Tar:2:    layout_grid_maze
Tar:3:    layout_cathedral_of_symmetry, nicolae_tar_cuneiform_heaven
Tar:4:    layout_grid_maze
Tar:6:    layout_catacombs
Tar:7:    tar_old
Zot:1:    layout_basic, regret_index_zotdec_dark_gr
Zot:2:    layout_gridlike, gammafunk_ghost_necromancy, uniq_grunn
Zot:3:    gammafunk_sealed_arena, layout_concentric_octagons
Zot:4:    layout_concentric_octagons, hangedman_zot_gyre,
          hellmonk_formless_pools
Zot:5:    layout_basic

Skill      XL: |  1  2  3  4  5  6  7  8  9 10 11 12 13 14 15 16 17 18 19 20 21 22 23 24 25 26 27 |
---------------+----------------------------------------------------------------------------------+-----
Fighting       | 1 2 3 4 5 7 8 10 11 12 14 16 17 18 19 20 21 22 27 | 27.0
Spellcasting   | 4 5 6 7 9 10 11 12 13 14 15 16 17 18 19 20 21 22 27 | 27.0
Conjurations   | 4 5 6 7 9 10 11 12 13 14 15 16 17 18 19 20 21 22 27 | 27.0
Hexes          | 4 5 6 7 9 10 11 12 13 14 15 16 17 18 19 20 21 22 27 | 27.0
Summonings     | 4 5 6 7 9 10 11 12 13 14 15 16 17 18 19 20 21 22 27 | 27.0
Necromancy     | 4 5 6 7 9 10 11 12 13 14 15 16 17 18 19 20 21 22 27 | 27.0
Translocations | 4 5 6 7 9 10 11 12 13 14 15 16 17 18 19 20 21 22 27 | 27.0
Fire Magic     | 4 5 6 7 9 10 11 12 13 14 15 16 17 18 19 20 21 22 27 | 27.0
Ice Magic      | 4 5 6 7 9 10 11 12 13 14 15 16 17 18 19 20 21 22 27 | 27.0
Air Magic      | 4 5 6 7 9 10 11 12 13 14 15 16 17 18 19 20 21 22 27 | 27.0
Earth Magic    | 4 5 6 7 9 10 11 12 13 14 15 16 17 18 19 20 21 22 27 | 27.0
Alchemy        | 4 5 6 7 9 10 11 12 13 14 15 16 17 18 19 20 21 22 27 | 27.0
Dodging        | 5 7 10 11 13 23 | 23.7
Polearms       | 2 4 5 6 26 | 26.3
Invocations    | 4 7 9 11 12 13 15 22 | 22.4
Evocations     | 3 6 9 10 20 | 20.0
Shields        | 6 10 13 14 27 | 27.0
Armour         | 6 8 10 24 | 24.6
Staves         | 7 |  7.0
Throwing       | 5 |  5.9
Stealth        | 5 |  5.3

Action                     |  1- 3 |  4- 6 |  7- 9 | 10-12 | 13-15 | 16-18 | 19-21 | 22-24 | 25-27 || total
---------------------------+-------+-------+-------+-------+-------+-------+-------+-------+-------++-------
  Melee: Demon trident     |    10 |    68 |   150 |   196 |       |    28 |   318 |    14 |    23 ||   807
         Punch             |       |       |     1 |     4 |       |       |       |       |       ||     5
         Staff             |       |       |       |    18 |    49 |    10 |     4 |    10 |   119 ||   210
  Throw: Dart              |       |       |       |     3 |       |     2 |       |       |       ||     5
         Javelin           |       |       |       |       |       |       |     1 |       |       ||     1
   Cast: Magic Dart        |    61 |    93 |    77 |    83 |     1 |     2 |    25 |     2 |     1 ||   345
         Call Imp          |     2 |     5 |    16 |    11 |       |     3 |     1 |       |     1 ||    39
         Mephitic Cloud    |     1 |     7 |    18 |    27 |    16 |     2 |     4 |     2 |       ||    77
         Slow              |       |       |     4 |     1 |       |       |       |       |       ||     5
         Animate Dead      |       |       |     1 |     2 |       |       |     1 |       |     2 ||     6
         Teleport Other    |       |       |     1 |     1 |     2 |       |       |       |     1 ||     5
         Blink             |       |       |       |     1 |       |       |       |       |     5 ||     6
         Fireball          |       |       |       |   104 |   399 |   400 |   550 |   512 |   752 ||  2717
         Arcjolt           |       |       |       |       |    69 |   155 |    73 |    58 |    42 ||   397
         Sculpt Simulacrum |       |       |       |       |     1 |       |       |     1 |     1 ||     3
         Starburst         |       |       |       |       |       |       |    46 |   127 |   314 ||   487
         Malign Gateway    |       |       |       |       |       |       |     4 |    17 |    15 ||    36
         Lehudib's Crystal |       |       |       |       |       |       |     1 |    33 |   637 ||   671
         Summon Hydra      |       |       |       |       |       |       |       |     7 |    16 ||    23
         Fire Storm        |       |       |       |       |       |       |       |       |  2138 ||  2138
         Dragon's Call     |       |       |       |       |       |       |       |       |     2 ||     2
 Invoke: Lesser Servant of |       |       |       |       |     2 |     1 |    14 |       |       ||    17
         Greater Servant o |       |       |       |       |       |     2 |     4 |     2 |     1 ||     9
         Major Destruction |       |       |       |       |       |       |     1 |       |       ||     1
  Evoke: Wand              |       |       |     2 |     3 |     3 |    16 |     3 |     9 |    29 ||    65
         Box of beasts     |       |       |       |       |       |       |     1 |       |       ||     1
         Phantom mirror    |       |       |       |       |       |       |       |       |     1 ||     1
    Use: Scroll            |       |    11 |     8 |    13 |     3 |     8 |     5 |    11 |    38 ||    97
         Potion            |       |       |       |     4 |       |     6 |     4 |     8 |    47 ||    69
   Stab: Confused          |       |     2 |    13 |    13 |     1 |       |       |       |       ||    29
         Distracted        |       |       |     3 |     1 |       |       |     3 |       |       ||     7
         Sleeping          |       |       |       |       |       |       |     1 |       |       ||     1
 Armour: Robe              |    11 |    31 |    21 |       |     2 |       |       |       |       ||    65
         Ring mail         |       |       |    80 |    83 |       |       |       |       |       ||   163
         Steam dragon scal |       |       |       |    17 |       |       |       |       |       ||    17
         Troll leather arm |       |       |       |    33 |    74 |   186 |   247 |   135 |   714 ||  1389
         Scale mail        |       |       |       |       |     1 |       |       |       |       ||     1
  Dodge: Dodged            |    10 |    39 |    83 |   134 |   102 |   169 |   175 |    74 |   424 ||  1210
  Block: Kite shield       |       |       |       |       |       |   134 |   466 |   125 |   520 ||  1245
         Reflection        |       |       |       |       |       |       |    56 |    15 |       ||    71
         Tower shield      |       |       |       |       |       |       |       |       |   364 ||   364
